 Dungeon Crawl Stone Soup version 0.31-a0-596-g831eee08f1 (webtiles) character file.

Game seed: 4822661413216002092

11967740 Midn8 the Conqueror (level 27, 355/355 HPs)
             Began as an Ogre Shapeshifter on Aug 19, 2023.
             Was an Initiate of Gozag.
             Escaped with the Orb
             ... and 15 runes on Aug 20, 2023!
             The game lasted 08:22:06 (137085 turns).

Midn8 the Conqueror (Ogre Shapeshifter)           Turns: 137085, Time: 08:22:06

Health: 355/355    AC: 35    Str: 26    XL:     27
Magic:  41/41      EV: 33    Int: 12    God:    Gozag
Gold:   23203      SH: 42    Dex: 25    Spells: 40/54 levels left

rFire   + +          .
                       - Unarmed
rCold   + + +        O - +9 tower shield "Tapoett" {rC+ Int-4 Dex+4 Slay+2}
rNeg    + + +        x - +10 pearl dragon scales of the Ears {rC+ rN+}
rPois   ∞            E - +0 mask of the Dragon {Will+ Slay+3 SInv}
rElec   .            N - +4 dragonskin cloak
rCorr   .            (gloves unavailable)
SInv    +            (boots unavailable)
Will    +++++        W - amulet "Oquycs" {Reflect rF+ Will+ SH+5} Stlth
                     j - ring of Loileix {Fly Int+3 Slay+4}
HPRegen 1.59/turn    n - ring of Syfiut {rF+ rC+ EV+5 Dex+3}
MPRegen 0.27/turn

%: reflection
@: death-form, flying, studying 9 skills
A: vile attack, torment immunity, no potions, large, unfitting armour, tough
skin 1, clever 1, deterioration 1, regeneration 1, robust 1
0: Orb of Zot
}: 15/15 runes: barnacled, slimy, silver, golden, iron, obsidian, icy, bone,
abyssal, demonic, glowing, magical, fiery, dark, gossamer
a: Siphon Essence, Begin Untransformation, Renounce Religion, Potion Petition,
Call Merchant, Bribe Branch


You escaped.
You worshipped Gozag.
Gozag was extremely pleased with you.
You were an undying horror.
You visited 17 branches of the dungeon, and saw 87 of its levels.
You visited Pandemonium 2 times, and saw 15 of its levels.
You visited the Abyss 1 time.
You completed 1 ziggurat, and saw 27 of its levels.
You also visited: Sewer, Bailey, Gauntlet and Ice Cave.

You collected 78214 gold pieces.
You spent 5626 gold pieces at shops.
You paid 49385 gold pieces to Gozag.

Inventory:

Missiles
 p - 57 large rocks (quivered)
 t - 11 throwing nets
 X - 14 silver javelins
Armour
 x - the +10 pearl dragon scales of the Ears (worn) {rC+ rN+}
   (You found it on level 17 of a ziggurat)

   rC+:       It protects you from cold.
   rN+:       It protects you from negative energy.
 E - the +0 mask of the Dragon (worn) {Will+ Slay+3 SInv}
   (You found it on level 7 of the Iron City of Dis)

   Slay+3:    It affects your accuracy & damage with ranged weapons and melee
   (+3).
   Will+:     It increases your willpower.
   SInv:      It lets you see invisible.
 N - the +4 dragonskin cloak (worn)
   (You took it off Tiamat on level 2 of the Realm of Zot)

   Avatar's Aegis: It grants the wearer a chance to resist fire, cold, poison,
   electricity, acid, and negative energy.
 O - the +9 tower shield "Tapoett" (worn) {rC+ Int-4 Dex+4 Slay+2}
   (You took it off Louise on level 2 of the Spider Nest)

   Int-4:     It affects your intelligence (-4).
   Dex+4:     It affects your dexterity (+4).
   Slay+2:    It affects your accuracy & damage with ranged weapons and melee
   (+2).
   rC+:       It protects you from cold.
Jewellery
 g - the ring "Imoimm" {Will+ Int+6}
   (You found it on level 1 of the Tomb of the Ancients)

   [ring of intelligence]

   Int+6:     It affects your intelligence (+6).
   Will+:     It increases your willpower.
 j - the ring of Loileix (left hand) {Fly Int+3 Slay+4}
   (You took it off Antaeus on level 7 of Cocytus)

   [ring of slaying]

   Int+3:     It affects your intelligence (+3).
   Slay+4:    It affects your accuracy & damage with ranged weapons and melee
   (+4).
   Fly:       It grants you flight.
 n - the ring of Syfiut (right hand) {rF+ rC+ EV+5 Dex+3}
   (You took it off a deep elf sorcerer on level 3 of the Elven Halls)

   [ring of evasion]

   EV+5:      It affects your evasion (+5).
   Dex+3:     It affects your dexterity (+3).
   rF+:       It protects you from fire.
   rC+:       It protects you from cold.
 z - the ring of Sin {rElec rF+ Stlth+}
   (You found it on level 7 of Cocytus)

   [ring of protection from fire]

   rF+:       It protects you from fire.
   rElec:     It insulates you from electricity.
   Stlth+:    It makes you more stealthy.
 C - the ring of Weuda Lofa {rPois rF+ rCorr Str+3 SInv}
   (You took it off a balrug in Pandemonium)

   [ring of poison resistance]

   Str+3:     It affects your strength (+3).
   rF+:       It protects you from fire.
   rPois:     It protects you from poison SInv: It lets you see invisible.
   rCorr:     It protects you from acid and corrosion.
 D - the amulet "Cueres" {Reflect -Tele rC++ Will+ Str+2 SH+5}
   (You took it off an efreet in Pandemonium)

   [amulet of reflection]

   Reflect:   It reflects blocked missile attacks.
   Str+2:     It affects your strength (+2).
   rC++:      It greatly protects you from cold.
   Will+:     It increases your willpower.
   -Tele:     It prevents most forms of teleportation.
   SH+5:      It affects your SH (+5).
 K - the ring of Doleihu {Wiz Will+}
   (You found it in a Gauntlet)

   [ring of wizardry]

   Wiz:       It improves your spell success rate.
   Will+:     It increases your willpower.
 W - the amulet "Oquycs" (around neck) {Reflect rF+ Will+ SH+5}
   (You bought it in a shop on level 13 of the Dungeon)

   [amulet of reflection]

   Reflect:   It reflects blocked missile attacks.
   rF+:       It protects you from fire.
   Will+:     It increases your willpower.
   SH+5:      It affects your SH (+5).
 Z - the ring "Nypp" {Will- MP+9 Str+6}
   (You found it on level 13 of a ziggurat)

   [ring of magical power]

   Str+6:     It affects your strength (+6).
   Will-:     It decreases your willpower.
   MP+9:      It affects your magic capacity (+9).
Talismans
 c - a talisman of death (active)
 M - a storm talisman
Wands
 w - a wand of mindburst (127)
 J - a wand of light (105)
 T - a wand of digging (66)
 U - a wand of polymorph (100)
 V - a wand of iceblast (139)
 Y - a wand of paralysis (151)
Scrolls
 b - 19 scrolls of fear
 h - 10 scrolls of revelation
 i - 22 scrolls of fog
 k - 6 scrolls of silence
 s - 45 scrolls of teleportation
 v - 26 scrolls of blinking
 y - 9 scrolls of vulnerability
 B - a scroll of torment
 H - 6 scrolls of summoning
 P - 12 scrolls of amnesia
Potions
 a - 19 potions of heal wounds
 e - 13 potions of enlightenment
 f - 43 potions of curing
 m - 16 potions of might
 q - 23 potions of mutation
 u - 12 potions of cancellation
 F - 12 potions of ambrosia
 G - 9 potions of resistance
 I - 22 potions of haste
 L - 21 potions of brilliance
 Q - 9 potions of berserk rage
 R - 6 potions of invisibility
Miscellaneous
 d - a lightning rod (4/4)
 l - the horn of Geryon
 o - a sack of spiders
 r - a condenser vane
 A - a phantom mirror
 S - 2 +1 figurines of a ziggurat


   Skills:
 O Level 27 Fighting
 O Level 27 Throwing
 - Level 20.0 Armour
 - Level 26.5 Dodging
 O Level 27 Shields
 O Level 27 Unarmed Combat
 - Level 14.0 Spellcasting
 - Level 14.0 Translocations
 - Level 2.0 Ice Magic
 - Level 6.0 Air Magic
 + Level 25.1 Evocations
 O Level 27 Shapeshifting


You had 40 spell levels left.
You knew the following spells:

 Your Spells              Type           Power      Damage    Failure   Level
a - Manifold Assault      Tloc           42%        N/A       1%          4
g - Passage of Golubria   Tloc           42%        N/A       1%          4
p - Apportation           Tloc           84%        N/A       1%          1
v - Vhi's Electric Charg  Tloc/Air       64%        N/A       1%          3
B - Blink                 Tloc           84%        N/A       1%          2

Your spell library contained the following spells:

 Spells                   Type           Power      Damage    Failure   Level
 Lesser Beckoning         Tloc           84%        N/A       1%          2
 Momentum Strike          Conj/Tloc      50%        3d9       1%          2
 Gell's Gravitas          Tloc           42%        N/A       1%          3
 Teleport Other           Tloc           42%        N/A       1%          3
 Portal Projectile        Hex/Tloc       50%        N/A       2%          3
 Volatile Blastmotes      Fire/Tloc      50%        2d14      2%          3
 Swiftness                Air            22%        N/A       3%          3
 Shock                    Conj/Air       60%        1d6       4%          1
 Freeze                   Ice            52%        1d6       6%          1
 Poisonous Vapours        Pois/Air       30%        N/A       6%          2
 Static Discharge         Conj/Air       30%        2-4/arc   6%          2
 Dispersal                Tloc           21%        N/A       7%          6
 Iskenderun's Mystic Bla  Conj/Tloc      25%        2d7       8%          4
 Cigotuvi's Dreadful Rot  Necr/Pois/Air  26%        N/A       10%         2
 Airstrike                Air            11%        2d(2-18)  12%         4
 Foxfire                  Conj/Fire      32%        2x1d5     14%         1
 Kiss of Death            Conj/Necr      32%        2d7       14%         1
 Magic Dart               Conj           32%        1d4       14%         1
 Necrotise                Necr           32%        1d5       14%         1
 Sandblast                Erth           16%        2d6       14%         1
 Slow                     Hex            32%        N/A       14%         1
 Sting                    Tmut/Pois      32%        1d4       14%         1
 Summon Small Mammal      Summ           32%        N/A       14%         1
 Ensorcelled Hibernation  Hex/Ice        20%        N/A       14%         2
 Frozen Ramparts          Ice            26%        1d4       19%         3
 Mephitic Cloud           Conj/Pois/Air  13%        N/A       19%         3
 Ozocubu's Armour         Ice            13%        N/A       19%         3
 Call Imp                 Summ           16%        N/A       22%         2
 Passwall                 Tmut/Erth      6%         N/A       22%         2
 Scorch                   Fire           16%        2d5       22%         2
 Searing Ray              Conj           16%        2d5       22%         2
 Sublimation of Blood     Necr           8%         N/A       22%         2
 Wereblood                Tmut           8%         N/A       22%         2
 Summon Forest            Summ/Tloc      12%        N/A       22%         5
 Hailstorm                Conj/Ice       10%        3d5       28%         3
 Call Canine Familiar     Summ           8%         N/A       38%         3
 Confusing Touch          Hex            8%         N/A       38%         3
 Dazzling Flash           Conj/Hex       16%        N/A       38%         3
 Ignite Poison            Fire/Tmut/Pois 8%         N/A       38%         3
 Inner Flame              Hex/Fire       8%         N/A       38%         3
 Stone Arrow              Conj/Erth      16%        3d8       38%         3
 Summon Guardian Golem    Hex/Summ       8%         N/A       38%         3
 Tukima's Dance           Hex            8%         N/A       38%         3
 Vampiric Draining        Necr           8%         2d6       38%         3
 Summon Lightning Spire   Summ/Air       15%        N/A       38%         4
 Summon Ice Beast         Ice/Summ       10%        N/A       67%         4
 Arcjolt                  Conj/Air       7%         1d17      75%         5
 Silence                  Hex/Air        7%         N/A       75%         5
 Freezing Cloud           Conj/Ice/Air   7%         6-21      78%         5
 Anguish                  Hex/Necr       4%         N/A       80%         4
 Animate Armour           Summ/Erth      16%        N/A       80%         4
 Cause Fear               Hex            4%         N/A       80%         4
 Dispel Undead            Necr           8%         3d8       80%         4
 Flame Wave               Conj/Fire      8%         2d5       80%         4
 Fulminant Prism          Conj/Hex       4%         3d5       80%         4
 Leda's Liquefaction      Hex/Erth       4%         N/A       80%         4
 Olgreb's Toxic Radiance  Pois           8%         N/A       80%         4
 Petrify                  Tmut/Erth      8%         N/A       80%         4
 Sticky Flame             Conj/Fire      8%         2d3       80%         4
 Metabolic Englaciation   Hex/Ice        5%         N/A       95%         5
 Disjunction              Tloc           21%        N/A       96%         8
 Agony                    Necr           8%         N/A       98%         5
 Alistair's Intoxication  Tmut/Pois      5%         N/A       98%         5
 Borgnjor's Vile Clutch   Necr/Erth      4%         N/A       98%         5
 Fireball                 Conj/Fire      4%         3d4       98%         5
 Irradiate                Conj/Tmut      4%         3d13      98%         5
 Iskenderun's Battlesphe  Conj           8%         2d6       98%         5
 Lee's Rapid Deconstruct  Erth           4%         3d5*      98%         5
 Summon Mana Viper        Hex/Summ       8%         N/A       98%         5
 Yara's Violent Unravell  Hex/Tmut       4%         3d4       98%         5
 Conjure Ball Lightning   Conj/Air       7%         3x3d6     99%         6
 Plasma Beam              Fire/Air       7%         2x1d18    99%         6
 Death Channel            Necr           4%         N/A       100%        6
 Eringya's Noxious Bog    Tmut/Pois      4%         4d6       100%        6
 Leda's Unmaking          Conj/Erth      4%         9d2       100%        6
 Starburst                Conj/Fire      4%         6d3       100%        6
 Summon Cactus Giant      Summ           4%         N/A       100%        6
 Enfeeble                 Hex            4%         N/A       100%        7
 Haunt                    Necr/Summ      4%         N/A       100%        7
 Malign Gateway           Summ/Tloc      12%        N/A       100%        7
 Monstrous Menagerie      Summ           4%         N/A       100%        7
 Orb of Destruction       Conj           4%         9d5       100%        7
 Ozocubu's Refrigeration  Ice            6%         4d8       100%        7
 Spellforged Servitor     Conj/Summ      4%         N/A       100%        7
 Summon Hydra             Summ           4%         N/A       100%        7
 Borgnjor's Revivificati  Necr           4%         N/A       100%        8
 Discord                  Hex            4%         N/A       100%        8
 Ignition                 Fire           4%         3d4       100%        8
 Infestation              Necr           4%         N/A       100%        8
 Lehudib's Crystal Spear  Conj/Erth      4%         10d3      100%        8
 Maxwell's Capacitive Co  Air            11%        ∞         100%        8
 Summon Horrible Things   Summ           4%         N/A       100%        8
 Chain Lightning          Conj/Air       7%         3d10      100%        9
 Death's Door             Necr           4%         N/A       100%        9
 Dragon's Call            Summ           4%         N/A       100%        9
 Fire Storm               Conj/Fire      4%         8d1       100%        9
 Polar Vortex             Ice            6%         N/A       100%        9
 Shatter                  Erth           4%         3d7*      100%        9
 Animate Dead             Necr           Unusable   N/A       N/A         4
 Simulacrum               Ice/Necr       Unusable   N/A       N/A         6

Dungeon Overview and Level Annotations

Branches:
Dungeon (15/15)            Temple (0/1) D:7            Lair (5/5) D:9
 Shoals (4/4) Lair:2       Spider (4/4) Lair:2        Slime (5/5) Lair:5
    Orc (2/2) D:12            Elf (3/3) Orc:2        Vaults (5/5) D:13
  Crypt (3/3) Vaults:2       Tomb (3/3) Crypt:3      Depths (4/4) D:15
   Hell (visited)             Dis (7/7) Hell            Geh (7/7) Hell
    Coc (7/7) Hell            Tar (7/7) Hell            Zot (5/5) Depths:4
  Sewer (visited)          Bailey (visited)           IceCv (visited)
Gauntlet (visited)

Altars:
Cheibriados
Fedhas
Gozag
Kikubaaqudgha
Nemelex Xobeh
Okawaru
Qazlal
Trog
Uskayaw
Wu Jian
Yredelemnul
Zin
The Shining One
Jiyva

Shops:
D:8 [   D:11 (   D:13 =*   Orc:2 *[[=?   Elf:2 *   Elf:3 ?::(   Shoals:1 :
Shoals:2 **   Vaults:2 *=(   Vaults:3 [   Vaults:4 [   Vaults:5 (   Zot:1 *
Zot:4 *   Depths:1 **?!!   Depths:4 ?(?=

Portals:
Hell: Depths:1 Depths:2 Depths:3 Depths:4
Abyss: D:5 Depths:3
Pandemonium: Depths:2 Depths:3

Annotations:
D:5 2 transporters, bchevrier's ghost, novice GnWn
Shoals:2 2 transporters, Brisketman's ghost, adept MfGl
Spider:3 1 exclusion
Spider:4 1 exclusion
Orc:1 exclusion: downstairs, Maurice; Nergalle; Urug
Elf:2 3 runed translucent doors
Depths:1 2 runed translucent doors, Xeyjeo's ghost, veteran MfMo
Dis:7 1 exclusion


Innate Abilities, Weirdness & Mutations

You are an undying horror.
Your melee and unarmed attacks drain, slow and weaken victims.
You are immune to unholy pain and torment.
You cannot drink.
You are immune to poison.
You are too large for most types of armour.
You have tough skin. (AC +1)
Your mind is acute. (Int +4, Str/Dex -1)
Your body sometimes deteriorates upon taking damage.
Your natural rate of healing is unusually fast.
You are robust. (+10% HP)


Message History

You destroy the large abomination!
You feel your strength returning.
You pummel the large abomination!!
The large abomination decays.
The large abomination is no longer distracted by gold.
The large abomination is severely damaged.
You barely miss the large abomination.
The large abomination is severely damaged.
You pummel the large abomination!!
You destroy the large abomination!
No target in view!
What level of the Dungeon? (default 1, ? - help)
You now have 23203 gold pieces (gained 20).
There is a stone staircase leading up here.
There is a stone staircase leading up here.
You fly upwards.
There is a stone staircase leading down here.
There is a stone staircase leading up here.
You fly upwards.
Level annotation: 2 transporters, bchevrier's ghost, novice GnWn
There is a stone staircase leading down here.
You see here a +0 short sword.
There is a stone staircase leading up here.
You fly upwards.
There is a stone staircase leading down here.
Things that are here:
a +0 robe; a +0 flail
There is a stone staircase leading up here.
You fly upwards.
There is a stone staircase leading down here.
There is a stone staircase leading up here.
You fly upwards.
There is a stone staircase leading down here.
There is an open door here.
You reach down and open the door.
There is an open door here.
There is a stone staircase leading up here.
You fly upwards.
There is a stone staircase leading down here.
There is a staircase leading out of the dungeon here.
You have escaped!

######### #.....).. #.#######
#.# #># ##### #.# ##.z.#######.#
##.....##.....# #[#8~8#.#.##..#
#.#≈≈≈#.#.....#######
############.#8≈8#.#............
#..........#.#≈≈≈#.#.##.########
#.##########.#8~8#.#.##.# #.#
##.....##....######## #.#
#####.####............


There were no monsters in sight!

Vanquished Creatures
  Cerebov (Pan)
  22 pandemonium lords
  Antaeus (Coc:7)
  Asmodeus (Geh:7)
  the Royal Jelly (Slime:5)
  Ignacio (Pan)
  Ereshkigal (Tar:7)
  the Serpent of Hell (Coc:7)
  Gloorx Vloq (Pan)
  A seraph (Pan)
  Lom Lobon (Pan)
  Mnoleg (Pan)
  Tiamat (Zot:2)
  Dispater (Dis:7)
  9 dread liches
  11 ancient liches
  5 orbs of fire
  4 juggernauts
  3 royal mummies (Tomb:1)
  Parghit (Zot:3)
  Vv (Crypt:3)
  11 Killer Klowns
  24 shard shrikes
  40 caustic shrikes
  2 curse toes
  Geryon (Hell)
  Nikola (Spider:2)
  17 golden dragons
  2 pearl dragons (Pan)
  Norris (Vaults:3)
  23 bone dragons
  9 profane servitors
  Arachne (Spider:2)
  11 electric golems
  12 iron giants
  16 Tzitzimimeh
  6 doom hounds
  A spectral shard shrike (Tar:2)
  Jorgrun (D:12)
  21 Brimstone Fiends
  16 hellephants
  A shard shrike zombie (Crypt:3)
  2 walking crystal tomes (Depths:3)
  40 Ice Fiends
  38 Hell Sentinels
  13 liches
  Zenata (Crypt:3)
  8 tainted leviathans
  25 tentacled monstrosities
  Rupert (D:14)
  16 quicksilver dragons
  2 deep elf blademasters (Elf:3)
  15 Orb Guardians
  26 acid blobs
  A sphinx (shapeshifter) (Zig:24)
  18 titans
  17 searing wretches
  Asterion (Spider:2)
  3 deep elf master archers
  6 sphinxes
  27 Executioners
  9 death cobs
  34 ancient champions
  Frances (Elf:1)
  Agnes (Elf:1)
  19 tentacled starspawn
  Kirke (Elf:1)
  6 thorn hunters
  A shadow dragon (shapeshifter) (Zig:24)
  22 storm dragons
  27 draconian monks
  9 shadow dragons
  9 tengu reavers
  23 rockslimes
  The ghost of justen the Metamorph, an adept MfSh of Trog (Shoals:1)
  24 azure jellies
  10 demonspawn warmongers
  4 revenants
  Ilsuiw (Shoals:4)
  7 emperor scorpions
  8 daevas (Pan)
  31 narguns
  An azure jelly (shapeshifter) (Zig:24)
  A fenstrider witch (shapeshifter) (Zig:24)
  22 nagarajas
  A frost giant (shapeshifter) (Zig:24)
  6 iron dragons
  23 draconian scorchers
  15 frost giants
  21 draconian knights
  45 balrugs
  16 fire giants
  22 quicksilver elementals
  10 deep elf sorcerers
  15 draconian shifters
  An iron dragon (shapeshifter) (Zig:24)
  25 vault wardens
  13 ghost moths
  2 caustic shrike zombies
  4 deep elf elementalists (Elf:3)
  19 draconian stormcallers
  A juggernaut zombie (Crypt:3)
  4 shard shrike simulacra
  33 quicksilver oozes
  Louise (Spider:2)
  11 demonspawn corrupters
  A spectral caustic shrike (Tar:5)
  A spectral juggernaut (Tar:1)
  31 ironbound preservers
  3 ghouls (Crypt:2)
  18 cacodemons
  2 spriggan defenders
  4 curse skulls
  5 broodmothers
  2 orc warlords
  10 angels
  25 reapers
  2 formless jellyfish (shapeshifter) (Zig:24)
  36 war gargoyles
  32 very ugly things
  14 demonspawn blood saints
  A juggernaut skeleton (Crypt:3)
  18 stone giants
  2 caustic shrike skeletons (Crypt:3)
  The ghost of Firecrotchwizard the Warrior, a journeyman VSMo of Wu Jian (D:12)
  34 draconian annihilators
  10 ironbound thunderhulks
  6 ophanim
  3 formless jellyfish
  22 green draconians
  An eleionoma (Zig:13)
  8 vampire knights
  2 grey draconians (Depths:4)
  5 putrid mouths
  An eleionoma (shapeshifter) (Zig:24)
  2 bunyips
  18 elemental wellsprings
  9 deep elf demonologists
  27 wendigos
  10 deep elf annihilators
  A minotaur (Gauntlet)
  2 bennus (Tomb:3)
  22 black draconians
  23 lorocyprocas
  A spectral titan (Tar:3)
  22 red draconians
  29 spark wasps
  17 apis (Pan)
  9 demonspawn black suns (Pan)
  17 white draconians
  15 yellow draconians
  24 purple draconians
  Snorg (Lair:5)
  8 merfolk javelineers
  30 dire elephants
  A spark wasp (shapeshifter) (Zig:24)
  19 green deaths
  A spectral quicksilver dragon (Tar:3)
  7 merfolk impalers
  23 iron golems
  2 crystal guardians (Vaults:4)
  15 eidola
  13 fire dragons
  4 mummy priests
  10 yaktaur captains
  23 blizzard demons
  13 deep elf death magi
  7 jiangshi
  16 ettins
  A quicksilver dragon zombie (Crypt:3)
  12 entropy weavers
  A spectral fenstrider witch (Tar:2)
  28 great orbs of eyes
  8 deep elf high priests
  Josephine (D:12)
  2 shambling mangroves
  A quicksilver dragon skeleton (Pan)
  2 spectral spriggans (Tar:2)
  2 spriggan zombies (Crypt:3)
  13 rakshasas
  10 ironbound frosthearts
  8 caustic shrike simulacra
  35 vault guards
  19 hydras
  4 merfolk avatars
  2 peacekeepers
  6 ogre magi
  5 spriggan skeletons
  19 ice dragons
  A juggernaut simulacrum (Coc:3)
  24 salamander tyrants
  A ghost crab (Zig:13)
  6 hell beasts
  2 anacondas
  10 boulder beetles
  6 catoblepae
  10 spriggan air magi
  A death knight (Vaults:2)
  10 radroaches
  3 jorogumos
  19 two-headed ogres
  6 stokers
  5 satyrs
  3 alligator snapping turtles
  36 dancing weapons
  15 tengu warriors
  A bennu skeleton (Crypt:1)
  17 centaur warriors
  6 deep troll earth magi
  A sphinx skeleton (Vaults:4)
  12 merfolk aquamancers
  17 death scarabs
  12 vampire magi
  2 titan zombies
  8 death yaks
  29 demonic crawlers
  15 thrashing horrors
  50 soul eaters
  46 hell hogs
  8 deep troll shamans
  13 crystal echidnas
  13 shock serpents
  14 spriggan berserkers
  72 sun demons
  2 orc high priests (Elf:2)
  A spectral storm dragon (Tar:2)
  Sonja (D:13)
  25 deep elf knights
  7 naga sharpshooters (Zig:25)
  A titan skeleton (Hell)
  A shock serpent (shapeshifter) (D:14)
  18 wretched stars
  12 hell knights
  6 quicksilver dragon simulacra
  28 sixfirhies
  21 shadow wraiths
  2 bunyip zombies (Crypt:3)
  17 skeletal warriors
  8 cherubim (Pan)
  An iron giant zombie (Crypt:2)
  9 pharaoh ants
  2 sun moths
  2 spatial maelstroms (Abyss:3)
  13 iron trolls
  6 swamp dragons
  12 skysharks
  65 deep trolls
  5 orb spiders
  5 spriggan druids
  A death drake (Zig:13)
  24 sea snakes
  2 death drakes (shapeshifter)
  17 glowing orange brains
  A bog body (Crypt:2)
  15 lindwurms
  153 slime creatures
  An anaconda zombie (Crypt:3)
  2 obsidian statues (Zig:23)
  18 deep elf archers
  24 shadow demons
  10 steelbarb worms
  8 orc knights
  A shadow dragon zombie (Crypt:2)
  6 flayed ghosts
  19 phantasmal warriors
  A naga ritualist (Zig:22)
  4 anaconda skeletons
  An iron giant skeleton (Crypt:1)
  A harpy (shapeshifter) (D:14)
  A fenstrider witch simulacrum (Hell)
  A tengu zombie (Vaults:4)
  35 deep elf zephyrmancers
  4 mana vipers
  16 wolf spiders
  10 wizards
  21 ironbound convokers
  12 shining eyes
  A salamander (Depths:4)
  12 harpies
  23 necromancers
  A spectral ettin (Tar:2)
  A shadow dragon skeleton (Crypt:1)
  4 orc sorcerers
  3 will-o-the-wisps
  2 shining eyes (shapeshifter)
  35 deep elf pyromancers
  15 cyclopes
  34 ugly things
  16 fauns
  An alligator skeleton (Hell)
  An iron dragon skeleton (Crypt:3)
  2 human zombies
  6 worldbinders
  18 manticores
  11 guardian serpents
  2 spectral centaurs
  4 centaur zombies
  12 vault sentinels
  31 moths of wrath
  7 rust devils
  A moth of wrath (shapeshifter) (Elf:3)
  An alligator snapping turtle zombie (Crypt:3)
  40 elephants
  A guardian serpent (shapeshifter) (Zig:6)
  5 titan simulacra
  A frost giant skeleton (Depths:2)
  2 dire elephant zombies
  9 torpor snails
  8 ice statues
  7 water nymphs
  8 merfolk sirens
  6 eyes of devastation
  23 cane toads
  2 stone giant skeletons
  21 black mambas
  5 centaur skeletons
  85 smoke demons
  A water nymph (shapeshifter) (Depths:3)
  2 gargoyles
  32 orange demons
  7 naga magi
  An elf skeleton (Vaults:1)
  Maggie (D:7)
  A white draconian zombie (Crypt:1)
  4 apocalypse crabs
  A rime drake (shapeshifter) (Abyss:4)
  5 rime drakes
  A kobold demonologist (D:9)
  36 yaktaurs
  15 guardian mummies
  26 hellions
  4 sea snake zombies
  A dire elephant skeleton (Crypt:3)
  37 tormentors
  A redback zombie (Crypt:2)
  16 freezing wraiths
  A bunyip simulacrum (Coc:1)
  11 anaconda simulacra
  22 komodo dragons
  2 spectral merfolk (Shoals:1)
  17 ice devils
  17 ancient zymes
  7 red devils
  A spectral naga (Tar:7)
  16 efreet
  5 tengu conjurers
  3 iron giant simulacra
  A tyrant leech (Zig:13)
  12 trolls
  3 golden dragon simulacra
  2 harpy zombies (Crypt:3)
  A yellow draconian skeleton (Crypt:1)
  A mana viper skeleton (Crypt:1)
  A bloated husk (Zig:22)
  3 silent spectres
  54 hellwings
  6 meliai (Spider:4)
  4 polar bears
  Grinder (D:5)
  3 spectral harpies
  2 tengu simulacra (Depths:2)
  2 hydra zombies
  A polar bear (shapeshifter) (Vaults:5)
  20 tarantellas
  A moth of wrath zombie (Crypt:1)
  4 harpy skeletons
  A wolf spider simulacrum (D:14)
  3 hydra skeletons
  27 merfolk
  14 hornets
  11 snapping turtles
  13 blink frogs
  21 wind drakes
  21 raiju
  3 iron dragon simulacra
  22 dream sheep
  A fire dragon zombie (Crypt:3)
  10 jumping spiders
  A stone giant simulacrum (Coc:2)
  A spectral wind drake (Shoals:1)
  Sigmund (D:6)
  A guardian serpent skeleton (Crypt:1)
  15 air elementals
  3 ettin skeletons
  17 flying skulls
  4 naga simulacra
  A black mamba zombie (Hell)
  4 vampires
  7 ushabtiu
  A fire dragon skeleton (Pan)
  7 culicivoras
  5 spriggans
  17 wraiths
  A fire bat (Abyss:3)
  2 shadows
  26 water elementals
  9 wyverns
  51 ynoxinuls
  4 hogs (Elf:1)
  85 starcursed masses
  53 yaks
  4 steam dragons
  28 golden eyes
  28 chaos spawn
  A human (Elf:1)
  6 basilisks
  73 large abominations
  6 dire elephant simulacra
  49 redbacks
  An alligator snapping turtle simulacrum (Coc:3)
  A hog (shapeshifter) (D:14)
  A human (shapeshifter) (Vaults:3)
  2 sea snake simulacra
  35 neqoxecs
  A redback (shapeshifter) (Vaults:3)
  19 vampire mosquitoes
  A warg (D:12)
  A naga zombie (Crypt:3)
  2 swamp worms (shapeshifter)
  4 acid dragons
  17 harpy simulacra
  5 nagas
  4 hydra simulacra
  20 water moccasins
  A deep troll skeleton (Crypt:2)
  A floating eye (Gauntlet)
  11 hell hounds
  Duvessa (D:5)
  A swamp drake (Lair:5)
  2 naga skeletons (Pan)
  44 orc warriors
  5 black bears
  An ice beast (D:6)
  4 ettin simulacra
  A sky beast (D:7)
  21 wolves
  26 ogres
  14 centaurs
  A bullfrog (shapeshifter) (Zig:24)
  13 small abominations
  Blork the orc (D:4)
  21 bullfrogs
  A vine stalker zombie (Crypt:2)
  2 kobold brigands
  An earth elemental (Elf:1)
  5 necrophages (Crypt:2)
  2 gnoll sergeants
  A two-headed ogre simulacrum (IceCv)
  A draconian skeleton (Crypt:2)
  A water nymph simulacrum (Shoals:1)
  2 scorpions (D:4)
  A cane toad simulacrum (IceCv)
  3 merfolk simulacra (Shoals:1)
  9 wights
  Dowan (D:5)
  8 wyvern skeletons (Crypt:3)
  An elephant simulacrum (IceCv)
  A snapping turtle simulacrum (Shoals:1)
  8 killer bees (D:10)
  4 howler monkeys
  2 electric eels
  A quasit (Abyss:1)
  4 jellies (Lair:5)
  Crazy Yiuf (D:7)
  A gnoll bouda (D:4)
  19 orc priests
  4 hounds
  A human skeleton (Crypt:2)
  Ijyb (D:3)
  Natasha (thrice) (D:4)
  8 iguanas
  26 orc wizards
  3 spriggan simulacra
  Terence (D:2)
  A boggart skeleton (D:15)
  7 hell rats (Hell)
  A wolf simulacrum (IceCv)
  A killer bee zombie (D:8)
  10 mummies
  An ogre skeleton (Crypt:2)
  A boggart simulacrum (D:14)
  A howler monkey zombie (D:8)
  A river rat (D:5)
  13 adders
  27 gnolls
  4 shadow imps
  5 white imps
  12 ufetubi
  A lava snake zombie (Crypt:2)
  2 worms
  A worm (shapeshifter) (Vaults:5)
  4 dart slugs
  121 orcs
  2 bats
  16 endoplasms
  18 giant cockroaches
  20 goblins
  14 hobgoblins
  13 jackals (D:4)
  13 kobolds
  11 quokkas
  11 ball pythons
  11 frilled lizards
  A kobold zombie (D:4)
  3 orc zombies (D:4)
  6 rats
  5 creeping infernos
  8 fire vortices
  A lurking horror (Abyss:1)
  8 starspawn tentacles
5525 creatures vanquished.

Vanquished Creatures (collateral kills)
  A dread lich (Zot:5)
  10 royal mummies
  2 Brimstone Fiends (Geh:7)
  A tentacled monstrosity (Zig:26)
  4 Orb Guardians
  A searing wretch (Geh:7)
  A sphinx (Tomb:1)
  An Executioner (Zig:24)
  3 ancient champions (Tomb:3)
  A draconian monk (Zig:23)
  3 daevas (Pan)
  2 balrugs (Geh:7)
  A fire giant (Geh:7)
  A quicksilver elemental (Zig:26)
  A draconian shifter (Zig:14)
  A draconian stormcaller (Zig:14)
  6 angels (Pan)
  2 ophanim (Pan)
  2 very ugly things (Pan)
  13 apis (Pan)
  A wendigo (Coc:5)
  4 bennus (Tomb:3)
  An elemental wellspring (Coc:5)
  A white draconian (Zot:5)
  A blizzard demon (Depths:4)
  10 mummy priests
  A great orb of eyes (Pan)
  A spriggan zombie (Tomb:3)
  A spriggan skeleton (Tomb:2)
  9 stokers (Geh:7)
  4 hell hogs (Depths:1)
  2 thrashing horrors (Zig:26)
  13 death scarabs
  A skeletal warrior (Tomb:3)
  3 cherubim (Pan)
  A titan simulacrum (Tomb:2)
  2 hellions (Geh:7)
  An anaconda simulacrum (Coc:5)
  27 guardian mummies
  2 harpy zombies (Tomb:3)
  A harpy skeleton (Tomb:2)
  A raiju (Zig:26)
  2 flying skulls
  A ynoxinul (Zig:26)
  7 ushabtiu
  A neqoxec (Zig:26)
  5 starcursed masses (Zig:26)
  15 mummies
  A fire vortex (Geh:7)
  A starspawn tentacle (Zig:26)
178 creatures vanquished.

Vanquished Creatures (others)
  3 dread liches (Zot:5)
  A pandemonium lord (Zig:24)
  An orb of fire (Zot:5)
  4 royal mummies
  5 Killer Klowns
  2 golden dragons (Zot:5)
  2 electric golems (Zot:5)
  A tentacled monstrosity (Zot:5)
  A sphinx (shapeshifter) (Zig:24)
  A searing wretch (Geh:7)
  12 Orb Guardians (Zot:5)
  A death cob (Zot:5)
  2 sphinxes (Tomb:1)
  An eldritch tentacle (Pan)
  3 storm dragons (Zot:5)
  A draconian monk (Zot:5)
  A revenant (Tomb:1)
  2 fire giants (Geh:7)
  6 balrugs (Geh:7)
  A draconian knight (Zig:27)
  A draconian scorcher (Zot:5)
  A ghost moth (Zot:5)
  3 cacodemons (Pan)
  An angel (Pan)
  4 draconian shifters
  A reaper (Zig:24)
  8 ophanim
  4 bennus
  A green draconian (Zig:27)
  A black draconian (Zot:5)
  4 apis (Pan)
  A minotaur (shapeshifter) (Zig:24)
  A purple draconian (Zot:5)
  A yellow draconian (Zot:5)
  A merfolk javelineer (Zig:22)
  3 mummy priests (Tomb:2)
  5 salamander tyrants
  A hell beast (Zig:19)
  A caustic shrike simulacrum (Coc:5)
  8 stokers (Geh:7)
  3 death scarabs (Tomb:2)
  A hell hog (Geh:3)
  A soul eater (Pan)
  A deep elf knight (Elf:2)
  A skeletal warrior (Tomb:3)
  2 cherubim (Pan)
  2 spriggan simulacra
  A quicksilver dragon simulacrum (Coc:5)
  A spriggan druid (Zig:13)
  An obsidian statue (Zot:5)
  A swamp dragon (Zig:13)
  A cyclops (shapeshifter) (Zig:24)
  2 moths of wrath (Zot:5)
  An apocalypse crab (Zig:24)
  A dire elephant zombie (Tomb:3)
  2 orange demons (Pan)
  A cane toad (shapeshifter) (Zig:24)
  A hellion (Geh:5)
  A tormentor (Pan)
  A hydra zombie (Tomb:2)
  An anaconda simulacrum (Coc:7)
  9 guardian mummies
  A bloated husk (Zig:22)
  A shadow dragon simulacrum (Zig:18)
  A hornet (Zig:13)
  4 flying skulls
  A small abomination (D:15)
  A wyvern (Zig:21)
  A golden eye (Pan)
  A human (Elf:1)
  3 neqoxecs (Pan)
  A naga (Zig:25)
  2 harpy simulacra (Coc:7)
  A water moccasin (Zig:16)
  A floating eye (shapeshifter) (Depths:2)
  A naga simulacrum (Coc:7)
  18 mummies
  6 ball lightnings (Pan)
  2 fire vortices (Geh:7)
  6 foxfires
  A lurking horror (Abyss:3)
  28 starspawn tentacles
219 creatures vanquished.

Grand Total: 5922 creatures vanquished

Notes
Turn   | Place    | Note
-------+----------+-------------------------------------------
     0 | D:1      | Midn8 the Ogre Shapeshifter began the quest for the Orb.
     0 | D:1      | Reached XP level 1. HP: 19/19 MP: 1/1
   192 | D:1      | Reached XP level 2. HP: 27/27 MP: 2/2
   566 | D:1      | Reached XP level 3. HP: 32/33 MP: 3/3
   787 | D:2      | Found an opulent altar of Gozag.
   790 | D:2      | Noticed Terence
   812 | D:2      | Killed Terence
   866 | D:2      | Became a worshipper of Gozag Ym Sagoz the Greedy
  1116 | D:2      | Reached XP level 4. HP: 41/41 MP: 4/4
  1360 | D:2      | Reached XP level 5. HP: 15/48 MP: 5/5
  1774 | D:2      | Found a faded altar of an unknown god.
  1783 | D:2      | Reached skill level 5 in Shapeshifting
  3010 | D:4      | Noticed Blork the orc
  3012 | D:4      | Reached XP level 6. HP: 52/55 MP: 6/6
  3033 | D:4      | Killed Blork the orc
  3205 | D:4      | Found a bloodstained altar of Trog.
  3250 | D:4      | Noticed Ijyb
  3371 | D:3      | Killed Ijyb
  3760 | D:4      | Noticed Natasha
  3767 | D:4      | Killed Natasha
  3768 | D:4      | Reached XP level 7. HP: 57/71 MP: 7/7
  3822 | D:4      | Noticed Natasha
  3831 | D:4      | Killed Natasha
  3840 | D:4      | Noticed Natasha
  3847 | D:4      | Killed Natasha
  3848 | D:4      | Reached skill level 5 in Fighting
  5043 | D:4      | HP: 3/75 [gnoll sergeant/+0 trident (6)]
  5046 | D:4      | Reached XP level 8. HP: 38/83 MP: 8/8
  5346 | D:4      | Reached skill level 5 in Unarmed Combat
  5804 | D:5      | Entered Level 5 of the Dungeon
  5805 | D:5      | Noticed Grinder
  5817 | D:5      | Killed Grinder
  5957 | D:5      | Found a transporter.
  6034 | D:5      | Found a transporter.
  6036 | D:5      | Found a one-way gate to the infinite horrors of the Abyss.
  6036 | D:5      | Noticed bchevrier's ghost (novice GnWn)
  6186 | D:5      | Noticed Duvessa
  6187 | D:5      | Noticed Dowan
  6233 | D:5      | Killed Duvessa
  6234 | D:5      | Reached XP level 9. HP: 69/98 MP: 9/9
  6239 | D:5      | Killed Dowan
  6422 | D:5      | Found a glowing drain.
  6432 | Sewer    | Entered a sewer
  6585 | Sewer    | Reached skill level 10 in Fighting
  7605 | D:6      | Noticed Sigmund
  7610 | D:6      | Killed Sigmund
  7983 | D:6      | Identified the +3 war axe of the Crushed Xenops {spect,
                  | rPois rC+ rN+ Int+2}
  9026 | D:7      | Found an ancient bone altar of Kikubaaqudgha.
  9133 | D:7      | Reached XP level 10. HP: 46/110 MP: 10/10
  9434 | D:7      | Found a flagged portal.
  9449 | Bailey   | Entered a bailey
  9588 | Bailey   | Noticed an orc knight
  9628 | Bailey   | Killed an orc knight
  9776 | Bailey   | Noticed an orc knight
  9825 | Bailey   | Killed an orc knight
  9980 | Bailey   | Noticed an orc warlord
 10264 | Bailey   | Reached skill level 10 in Shapeshifting
 10264 | Bailey   | Reached XP level 11. HP: 127/127 MP: 11/11
 10532 | D:7      | Found a staircase to the Ecumenical Temple.
 11012 | D:7      | Noticed Maggie
 11019 | D:7      | Killed Maggie
 11532 | D:7      | Found a runed translucent door.
 11533 | D:7      | Noticed Crazy Yiuf
 11538 | D:7      | Killed Crazy Yiuf
 12178 | D:8      | Found a basalt altar of Yredelemnul.
 12359 | D:8      | Found Isaul's Antique Armour Shop.
 12680 | D:9      | Reached skill level 10 in Unarmed Combat
 12765 | D:9      | Found a staircase to the Lair.
 12958 | D:9      | Reached skill level 5 in Dodging
 12958 | D:9      | Reached XP level 12. HP: 136/136 MP: 12/12
 13286 | D:9      | Identified the +1 leather armour "Piyruris" {Will+}
 13319 | D:10     | Entered Level 10 of the Dungeon
 14467 | Lair:1   | Entered Level 1 of the Lair of Beasts
 14486 | Lair:1   | Found an iron altar of Okawaru.
 15062 | Lair:1   | Reached skill level 15 in Fighting
 15929 | Lair:2   | Noticed a death yak
 15929 | Lair:2   | Noticed a death yak
 15929 | Lair:2   | Noticed a death yak
 15929 | Lair:2   | Noticed a death yak
 15929 | Lair:2   | Noticed a death yak
 15929 | Lair:2   | Noticed a death yak
 15935 | Lair:1   | Killed a death yak
 16275 | Lair:2   | Reached XP level 13. HP: 152/152 MP: 13/13
 16301 | Lair:2   | Found a staircase to the Shoals.
 17480 | Lair:2   | Found a hole to the Spider Nest.
 18196 | Lair:3   | Noticed a dire elephant
 18232 | Lair:3   | Killed a dire elephant
 18404 | Lair:3   | You fall into a shaft and drop 2 floors!
 18404 | Lair:5   | Entered Level 5 of the Lair of Beasts
 18404 | Lair:5   | Found a viscous altar of Jiyva.
 18404 | Lair:5   | Found a staircase to the Slime Pits.
 18414 | Lair:5   | Noticed a fire dragon
 18557 | Lair:5   | Reached XP level 14. HP: 169/169 MP: 14/14
 18908 | Lair:5   | Found a frozen archway.
 18935 | IceCv    | Entered an ice cave
 19421 | IceCv    | Noticed a reaper
 19428 | IceCv    | Killed a reaper
 20477 | Lair:4   | Reached skill level 1 in Ice Magic
 20481 | Lair:4   | Reached skill level 1 in Spellcasting
 20777 | Lair:4   | Found a gate leading to a gauntlet.
 20799 | Gauntlet | Entered a Gauntlet
 20799 | Gauntlet | Found a large runed translucent door.
 20799 | Gauntlet | Found a large runed translucent door.
 20799 | Gauntlet | Found a large runed translucent door.
 20799 | Gauntlet | Found a large runed translucent door.
 20799 | Gauntlet | Found a large runed translucent door.
 20799 | Gauntlet | Found a large runed translucent door.
 20799 | Gauntlet | Found a large runed translucent door.
 20799 | Gauntlet | Found a large runed translucent door.
 20799 | Gauntlet | Found a runed translucent door.
 20799 | Gauntlet | Found a runed translucent gate.
 20799 | Gauntlet | Found a transporter.
 20799 | Gauntlet | Found a transporter.
 20799 | Gauntlet | Found a runed translucent gate.
 20799 | Gauntlet | Found a transporter.
 20799 | Gauntlet | Found a transporter.
 20800 | Gauntlet | Found a runed translucent door.
 20800 | Gauntlet | Found a runed translucent gate.
 20802 | Gauntlet | Found a large runed translucent door.
 20802 | Gauntlet | Found a large runed translucent door.
 20802 | Gauntlet | Found a large runed translucent door.
 20802 | Gauntlet | Found a large runed translucent door.
 20803 | Gauntlet | Found a large runed translucent door.
 20804 | Gauntlet | Found a large runed translucent door.
 20812 | Gauntlet | Found a large runed translucent door.
 20812 | Gauntlet | Found a large runed translucent door.
 20819 | Gauntlet | Found a transporter.
 20835 | Gauntlet | Found a transporter.
 20837 | Gauntlet | Found a transporter.
 20849 | Gauntlet | Found a transporter.
 20852 | Gauntlet | Found the +3 pair of gauntlets of War {Slay+5}
 20870 | Gauntlet | Found a transporter.
 20887 | Gauntlet | Found a transporter.
 20891 | Gauntlet | Found a transporter.
 20899 | Gauntlet | Noticed a reaper
 20905 | Gauntlet | Found a transporter.
 20979 | Gauntlet | Killed a reaper
 21015 | Gauntlet | Identified the ring "Deydecw" {Fire rCorr Dex+3}
 21016 | Gauntlet | Identified the ring "Ekecwig" {rF+ rN+ Str-4 Stlth+}
 21091 | Gauntlet | Identified the ring of Doleihu {Wiz Will+}
 21314 | Gauntlet | Got the Quarto of Burning and the Snake
 21418 | Lair:3   | Reached XP level 15. HP: 183/183 MP: 17/17
 23222 | Lair:5   | Noticed Snorg
 23229 | Lair:5   | Killed Snorg
 23991 | D:11     | Found Daditin's Antique Weapon Boutique.
 24843 | D:12     | Noticed Jorgrun
 24852 | D:12     | Killed Jorgrun
 24935 | D:12     | Identified the +5 flail "Asotaylu" {speed, rElec Int+5}
 25118 | D:12     | Reached skill level 15 in Unarmed Combat
 25215 | D:12     | Learned a level 2 spell: Blink
 25232 | D:12     | Noticed Josephine
 25269 | D:12     | Identified the +6 sling of Ramo {heavy, Str+4 Int-5 Stlth+}
 25271 | D:12     | Found a runed translucent door.
 25275 | D:12     | Killed Josephine
 25276 | D:12     | Reached skill level 1 in Translocations
 25756 | D:12     | Found a staircase to the Orcish Mines.
 25761 | D:12     | Noticed Firecrotchwizard's ghost (journeyman VSMo)
 25918 | D:12     | Killed Firecrotchwizard's ghost
 26077 | Orc:1    | Entered Level 1 of the Orcish Mines
 26518 | Orc:1    | Found an iron altar of Okawaru.
 26828 | Orc:2    | Entered Level 2 of the Orcish Mines
 26845 | Orc:1    | Noticed Nergalle
 26845 | Orc:1    | Noticed Urug
 26845 | Orc:1    | Noticed Maurice
 26885 | Orc:2    | Noticed an orc warlord
 26908 | Orc:1    | Killed an orc warlord
 27165 | Orc:2    | Reached skill level 5 in Translocations
 27438 | Orc:2    | Reached XP level 16. HP: 192/192 MP: 17/20
 27511 | Orc:2    | Found Bueles's Magic Scroll Shoppe.
 27522 | Orc:2    | Found Foaqacat's Armour Boutique.
 27551 | Orc:2    | Found Oxkum's Armour Emporium.
 27625 | Orc:2    | Found Onarae's Jewellery Shoppe.
 27670 | Orc:2    | Bought a scroll of blinking for 120 gold pieces
 27691 | Orc:2    | Found Dykk's Overcharged Wands.
 27852 | Orc:2    | Found a staircase to the Elven Halls.
 28709 | D:13     | Noticed Sonja
 28716 | D:13     | Killed Sonja
 29008 | D:13     | Found Gugewumm's Neck Hole.
 29016 | D:13     | Bought the amulet "Oquycs" {Reflect rF+ Will+ SH+5} for 595
                  | gold pieces
 29480 | D:13     | Found a gate to the Vaults.
 29688 | D:13     | Bought a dragon-blood talisman for 1120 gold pieces
 30511 | D:14     | Found a glowing silver altar of Zin.
 30511 | D:14     | You are sucked into a shaft and drop 1 floor!
 30511 | D:15     | Entered Level 15 of the Dungeon
 30635 | D:15     | Found a staircase to the Depths.
 30968 | D:14     | Identified a scroll of acquirement
 30969 | D:14     | Acquired 1079 gold pieces
 31056 | D:14     | Found a hide-covered altar of Uskayaw.
 31269 | D:14     | Noticed Rupert
 31281 | D:14     | Killed Rupert
 31520 | D:14     | Found an ancient bone altar of Kikubaaqudgha.
 31527 | D:14     | Found a hide-covered altar of Uskayaw.
 31527 | D:14     | Found a glowing golden altar of the Shining One.
 31649 | D:14     | Reached XP level 17. HP: 201/201 MP: 21/21
 32223 | D:15     | Reached skill level 15 in Shapeshifting
 32248 | D:15     | Reached skill level 1 in Evocations
 33045 | Spider:1 | Entered Level 1 of the Spider Nest
 33543 | Spider:1 | Reached skill level 5 in Evocations
 34512 | Spider:2 | Identified the +0 helmet of Cheibriados's Esteem {rElec
                  | MP+9 Dex+3}
 34541 | Spider:2 | Noticed Asterion
 34546 | Spider:2 | Noticed Nikola
 34551 | Spider:2 | Killed Asterion
 34564 | Spider:2 | Killed Nikola
 35169 | Spider:2 | Identified the +9 tower shield "Tapoett" {rC+ Int-4 Dex+4
                  | Slay+2}
 35169 | Spider:2 | Noticed Louise
 35185 | Spider:2 | Killed Louise
 35443 | Spider:2 | Noticed Arachne
 35455 | Spider:2 | Killed Arachne
 35653 | Spider:2 | You are sucked into a shaft and drop 1 floor!
 37922 | Spider:4 | Entered Level 4 of the Spider Nest
 38299 | Spider:4 | Reached XP level 18. HP: 218/218 MP: 22/22
 40661 | Spider:4 | Reached XP level 19. HP: 231/231 MP: 23/23
 40677 | Spider:4 | Got a gossamer rune of Zot
 40848 | Shoals:1 | Entered Level 1 of the Shoals
 40971 | Shoals:1 | Found a runed translucent gate.
 40971 | Shoals:1 | Found a runed translucent gate.
 40971 | Shoals:1 | Found a runed translucent gate.
 40984 | Shoals:1 | Noticed justen's ghost (adept MfSh)
 41276 | Shoals:1 | Found Ofyrruh's Book Shoppe.
 42880 | Shoals:2 | Found Biwk's Gadget Gallery.
 43091 | Shoals:2 | Bought a lightning rod (4/4) for 680 gold pieces
 43107 | Shoals:2 | Noticed Brisketman's ghost (adept MfGl)
 43111 | Shoals:2 | Found a bloodstained altar of Trog.
 43121 | Shoals:2 | Found a transporter.
 43376 | Shoals:2 | Acquired a manual of Evocations
 43388 | Shoals:2 | Found a transporter.
 43601 | Shoals:2 | Reached XP level 20. HP: 240/240 MP: 24/24
 43606 | Shoals:2 | Found Iddeun's Assorted Antiques.
 43729 | Shoals:2 | Bought a potion of haste for 210 gold pieces
 44162 | Shoals:3 | Found a transporter.
 44168 | Shoals:3 | Found a transporter.
 44680 | Shoals:3 | Learned a level 4 spell: Passage of Golubria
 45426 | Shoals:3 | Found a transporter.
 45427 | Shoals:3 | Found a transporter.
 45477 | Shoals:3 | Found a transporter.
 45481 | Shoals:3 | Found a transporter.
 45639 | Shoals:4 | Entered Level 4 of the Shoals
 46475 | Shoals:3 | Reached skill level 10 in Evocations
 47534 | Shoals:4 | Got a barnacled rune of Zot
 48005 | Shoals:4 | Noticed Ilsuiw
 48017 | Shoals:4 | Killed Ilsuiw
 48533 | Shoals:4 | Identified the +4 robe of Nemelex Xobeh {Contam rN+ Int+10}
 49250 | Shoals:4 | Identified the +1 pair of boots "Papnum" {rElec Dex+4}
 49271 | Shoals:4 | Got the Writings on Arcane Weapons
 49613 | Elf:1    | Entered Level 1 of the Elven Halls
 49617 | Elf:1    | Noticed Agnes
 49624 | Elf:1    | Killed Agnes
 49632 | Elf:1    | Reached skill level 10 in Dodging
 49907 | Elf:1    | Noticed Frances
 49916 | Elf:1    | Killed Frances
 50296 | Elf:1    | Noticed Kirke
 50317 | Elf:1    | Killed Kirke
 50371 | Elf:1    | Paralysed by an air elemental for 1 turns
 50373 | Elf:1    | Paralysed by an air elemental for 1 turns
 50486 | Elf:1    | Paralysed by an air elemental for 1 turns
 50514 | Elf:1    | Reached XP level 21. HP: 80/250 MP: 25/25
 53477 | Elf:2    | Found Pixzif's General Store.
 53806 | Elf:2    | Found a runed translucent gate.
 53806 | Elf:2    | Found a runed translucent gate.
 53806 | Elf:2    | Found a runed translucent gate.
 54060 | Elf:3    | Entered Level 3 of the Elven Halls
 54427 | Elf:3    | Found Maun's Magic Scroll Shop.
 54800 | Elf:3    | Found Voocafej's Book Emporium.
 54801 | Elf:3    | Found Kiriwk's Antique Weapon Boutique.
 54804 | Elf:3    | Found Huppeysk's Book Boutique.
 54845 | Elf:3    | Bought a manual of Unarmed Combat for 1040 gold pieces
 55607 | Elf:3    | Reached XP level 22. HP: 255/255 MP: 26/26
 55871 | Elf:3    | Identified the +7 rapier of Plague {freeze, rN+ Int+5
                  | Dex+3}
 55871 | Elf:3    | Identified the ring of Syfiut {rF+ rC+ EV+5 Dex+3}
 55888 | Elf:3    | Identified the +7 short sword "Mujet" {heavy, SInv}
 55899 | Elf:3    | Identified the +4 scimitar of the Establishment {freeze,
                  | rF++ Str-4 Dex+3}
 55917 | Elf:3    | Got the Compilation of the Squall and the Blink Frog
 55926 | Elf:3    | Got the Grimoire of Congregated Excavation
 55931 | Elf:3    | Identified the +3 rapier of Triumph {distort, Stlth+}
 56512 | Vaults:1 | Entered Level 1 of the Vaults
 58419 | Vaults:2 | Reached skill level 27 in Fighting
 59135 | Vaults:2 | Found Ughuwoips's Antique Weapon Emporium.
 59453 | Vaults:2 | Found a staircase to the Crypt.
 60152 | Vaults:3 | Reached XP level 23. HP: 284/284 MP: 27/27
 60452 | Vaults:3 | Noticed Norris
 60467 | Vaults:3 | Killed Norris
 61207 | Vaults:3 | Found Buovuffa's Armour Boutique.
 62487 | Vaults:4 | Found Ydeukez's Antique Armour Boutique.
 63139 | Vaults:4 | Reached XP level 24. HP: 295/295 MP: 27/27
 63393 | Depths:1 | Entered Level 1 of the Depths
 63563 | Depths:1 | Found a large runed translucent door.
 63563 | Depths:1 | Found a large runed translucent door.
 63565 | Depths:1 | Noticed Xeyjeo's ghost (veteran MfMo)
 63870 | Depths:1 | Found a gateway to Hell.
 64327 | Shoals:1 | Killed justen's ghost
 65193 | Depths:2 | Found a snail-covered altar of Cheibriados.
 65594 | Depths:2 | Found a hide-covered altar of Uskayaw.
 65856 | Depths:2 | Found an ornate altar of the Wu Jian Council.
 65959 | Depths:2 | Noticed a juggernaut
 65969 | Depths:2 | Killed a juggernaut
 66343 | D:13     | Bought a storm talisman for 1591 gold pieces
 66804 | Depths:2 | Found a blossoming altar of Fedhas.
 66806 | Depths:2 | Found a one-way gate leading to the halls of Pandemonium.
 67067 | Depths:2 | Identified the +7 mace "Agergh" {drain, rC- rN+ Str+5
                  | Dex+3}
 67262 | Depths:3 | Reached XP level 25. HP: 281/304 MP: 27/27
 67635 | Depths:3 | Found a one-way gateway to a ziggurat.
 67985 | Depths:3 | Identified the +9 mace "Fexu" {flame, rElec rN+ Will+}
 68509 | Depths:3 | Found a viscous altar of Jiyva.
 69046 | Depths:3 | Found a sparkling altar of Nemelex Xobeh.
 69237 | Depths:4 | Entered Level 4 of the Depths
 69277 | Depths:4 | Found Meogof's Magic Scroll Emporium.
 69284 | Depths:4 | Found Vuvo's Jewellery Emporium.
 69284 | Depths:4 | Found Paturap's Magic Scroll Shoppe.
 69293 | Depths:4 | Found Lecemuta's Antique Weapon Shoppe.
 69963 | Depths:4 | Reached XP level 26. HP: 280/314 MP: 27/27
 70410 | Depths:4 | Found a gate to the Realm of Zot.
 70956 | Vaults:5 | Entered Level 5 of the Vaults
 70973 | Vaults:5 | Noticed an ancient lich
 71190 | Vaults:5 | Got a silver rune of Zot
 71208 | Vaults:5 | Gained mutation: You are dopey. (Int -2) [a shining eye]
 71209 | Vaults:5 | Gained mutation: You have a pair of small horns on your
                  | head. [a shining eye]
 71323 | Vaults:5 | Reached skill level 15 in Dodging
 71446 | Vaults:5 | Identified the +7 chain mail of Zin {Harm Regen+ MP-9}
 71928 | Vaults:5 | Noticed an ancient lich
 71943 | Vaults:5 | Killed an ancient lich
 72233 | Vaults:5 | Identified the +5 flail of the Loving Gods {antimagic,
                  | Str-2 Dex+4 SInv Stlth+}
 72386 | Vaults:5 | Reached XP level 27. HP: 298/323 MP: 27/27
 72467 | Vaults:5 | Identified the +0 cloak of the Blessed Realm {Str+2 Dex+3}
 72517 | Vaults:5 | Identified the ring of Balance {Ice Int+3}
 72517 | Vaults:5 | Identified the amulet "Cufe" {Regen+ Str+6 Slay+5}
 72598 | Vaults:5 | Found Ruras's Antique Weapon Emporium.
 72599 | Vaults:5 | Identified the +0 robe of Unreason {-Tele rPois Will+
                  | Stlth+}
 72691 | Vaults:5 | Killed an ancient lich
 73301 | Crypt:1  | Entered Level 1 of the Crypt
 73309 | Crypt:1  | Identified the +11 short sword "Pumahux" {freeze, rC- rN+
                  | Int+2}
 73312 | Crypt:1  | You are sucked into a shaft and drop 1 floor!
 75162 | Crypt:3  | Entered Level 3 of the Crypt
 75389 | Crypt:3  | Noticed Zenata
 75398 | Crypt:3  | Killed Zenata
 75805 | Crypt:3  | Noticed Vv
 75815 | Crypt:3  | Killed Vv
 76112 | Crypt:3  | Found an ancient bone altar of Kikubaaqudgha.
 76132 | Crypt:3  | Noticed a dread lich
 76137 | Crypt:3  | Killed a dread lich
 76268 | Crypt:3  | Identified the amulet "Geisuegg" {-Tele Rampage Regen+
                  | Slay+3}
 76303 | Crypt:3  | Identified the ring of Holuonu {rPois rN+ Dex+3}
 77298 | Crypt:3  | Identified the +1 robe of Wiolah {rPois Str+5}
 77299 | Crypt:3  | Identified the +0 plate armour of Mysoed {+Inv rCorr Dex-4
                  | SInv}
 77809 | Slime:1  | Entered Level 1 of the Pits of Slime
 78243 | Slime:5  | Entered Level 5 of the Pits of Slime
 78295 | Slime:5  | Found a viscous altar of Jiyva.
 78295 | Slime:5  | Noticed the Royal Jelly
 78322 | Slime:5  | Killed the Royal Jelly
 78482 | Slime:5  | Identified the +1 quarterstaff of the Abyss {venom, Str+3
                  | Stlth+}
 78522 | Slime:5  | Got a slimy rune of Zot
 78612 | Slime:5  | Identified the +8 glaive "Revem" {flame, Fly Will- Int+3}
 78665 | Slime:5  | Identified the +11 shortbow of Compassion {antimagic, rF-
                  | Dex+6 SInv}
 78666 | Slime:5  | Identified the +5 halberd "Lewaekk" {vamp, Fly rF- Str+3}
 78929 | Slime:5  | Gained mutation: Your spells are a little easier to cast,
                  | but a little less powerful. [a shining eye]
 79508 | Hell     | Entered the Vestibule of Hell
 79508 | Hell     | Noticed Geryon
 79512 | Hell     | Killed Geryon
 79761 | Hell     | Found a gateway to the decaying netherworld of Tartarus.
 79817 | Hell     | Found a gateway to the freezing wastes of Cocytus.
 80208 | Hell     | Found a gateway to the Iron City of Dis.
 80280 | Hell     | Found a gateway to the ashen valley of Gehenna.
 80356 | Depths:1 | Bought a scroll of blinking for 105 gold pieces
 80490 | Zot:1    | Entered Level 1 of the Realm of Zot
 80622 | Zot:1    | You are sucked into a shaft and drop 1 floor!
 80661 | Zot:2    | Noticed a dread lich
 80685 | Zot:2    | Reached skill level 27 in Shapeshifting
 81121 | Zot:1    | Bought a sparkling ivory ring for 165 gold pieces
 81121 | Zot:1    | Identified the ring "Gephezyf" {+Blink rPois Will- Int+4}
                  | (You bought it in a shop on level 1 of the Realm of Zot)
 81607 | Zot:2    | Found the +4 dragonskin cloak
 81607 | Zot:2    | Noticed Tiamat
 81742 | Zot:2    | Killed a dread lich
 82077 | Zot:2    | Killed Tiamat
 83171 | Zot:3    | Noticed Parghit
 83207 | Zot:3    | Killed Parghit
 83726 | Zot:3    | Identified the +8 broad axe of Uncertain Death {protect,
                  | Str+3 SInv}
 83779 | Zot:3    | Identified the +0 chain mail "Webay" {Str+3}
 83781 | Zot:3    | Identified the +2 scale mail "Laizin" {Regen+}
 83796 | Zot:3    | Found the +3 salamander hide armour {Flames, rFlCloud rF++
                  | rC--}
 83900 | Zot:3    | Noticed an orb of fire
 83907 | Zot:3    | Killed an orb of fire
 83970 | Zot:4    | Found Siackaos's CLEARANCE SALE!.
 84194 | Zot:5    | Entered Level 5 of the Realm of Zot
 84282 | Zot:5    | Noticed an orb of fire
 84286 | Zot:5    | Noticed an orb of fire
 84288 | Zot:5    | Killed an orb of fire
 84292 | Zot:5    | Reached skill level 27 in Unarmed Combat
 84294 | Zot:5    | Noticed a dread lich
 84324 | Zot:5    | Killed a dread lich
 84472 | Zot:5    | Noticed a dread lich
 84489 | Zot:5    | Noticed a dread lich
 84490 | Zot:5    | Killed a dread lich
 84499 | Zot:5    | Killed a dread lich
 84507 | Zot:5    | Killed a dread lich
 84508 | Zot:5    | Killed an orb of fire
 84639 | Zot:5    | Noticed an orb of fire
 84859 | Zot:4    | Noticed an ancient lich
 84859 | Zot:4    | Found a stormy altar of Qazlal.
 84865 | Zot:4    | Killed an ancient lich
 84871 | Zot:4    | Identified the amulet of the Teaching Gods {Faith rPois
                  | Regen+ Int+4 Stlth-}
 86366 | Tar:1    | Entered Level 1 of Tartarus
 86466 | Dis:1    | Entered Level 1 of the Iron City of Dis
 86469 | Dis:1    | You are sucked into a shaft and drop 1 floor!
 86852 | Dis:3    | Noticed a dread lich
 86852 | Dis:3    | Noticed a dread lich
 86858 | Dis:3    | Killed a dread lich
 86860 | Dis:3    | Killed a dread lich
 86872 | Dis:3    | Noticed an ancient lich
 86880 | Dis:3    | Killed an ancient lich
 86885 | Dis:3    | Noticed a dread lich
 86900 | Dis:3    | Killed a dread lich
 86926 | Dis:3    | Noticed an ancient lich
 86932 | Dis:3    | Killed an ancient lich
 88614 | Dis:6    | Reached skill level 1 in Armour
 88642 | Dis:6    | Reached skill level 5 in Armour
 88805 | Dis:7    | Entered Level 7 of the Iron City of Dis
 89323 | Dis:7    | Found the +0 mask of the Dragon {Will+ Slay+3 SInv}
 89327 | Dis:7    | Noticed a juggernaut
 89337 | Dis:7    | Killed a juggernaut
 89376 | Dis:7    | Identified the +0 flail "Gaosudda" {freeze, rElec Will+++
                  | Str-5 Int-4}
 89655 | Dis:7    | Reached skill level 10 in Armour
 89661 | Dis:7    | Reached skill level 1 in Shields
 89662 | Dis:7    | Noticed an ancient lich
 89670 | Dis:7    | Killed an ancient lich
 89741 | Dis:7    | Noticed a juggernaut
 89748 | Dis:7    | Killed a juggernaut
 89751 | Dis:7    | Reached skill level 5 in Shields
 90426 | Dis:7    | Noticed Dispater
 90429 | Dis:7    | Noticed a juggernaut
 90435 | Dis:7    | Killed a juggernaut
 90436 | Dis:7    | Killed Dispater
 90453 | Dis:7    | Got an iron rune of Zot
 90681 | Dis:7    | Reached skill level 10 in Shields
 90737 | Hell     | Upgraded the game from 0.31-a0-590-g8a5a4361df to
                  | 0.31-a0-596-g831eee08f1
 90790 | Geh:1    | Entered Level 1 of Gehenna
 91131 | Geh:2    | Learned a level 4 spell: Manifold Assault
 92393 | Geh:6    | Reached skill level 10 in Translocations
 92433 | Geh:6    | Reached skill level 5 in Spellcasting
 92760 | Geh:6    | Learned a level 3 spell: Vhi's Electric Charge
 93581 | Geh:7    | Entered Level 7 of Gehenna
 93734 | Geh:7    | Reached skill level 10 in Spellcasting
 93846 | Geh:7    | Reached skill level 1 in Air Magic
 94138 | Geh:7    | Got the Commentary on the Wendigo
 94144 | Geh:7    | Got Sif Muna's Compilation of the Cure and Teratogeny
 94482 | Geh:7    | Found the +13 sceptre of Asmodeus
 94482 | Geh:7    | Noticed Asmodeus
 94496 | Geh:7    | Reached skill level 5 in Air Magic
 94498 | Geh:7    | Killed Asmodeus
 94680 | Geh:7    | Got an obsidian rune of Zot
 95773 | Coc:1    | Entered Level 1 of Cocytus
 97506 | Coc:5    | Reached skill level 15 in Evocations
 97887 | Coc:6    | Noticed an ancient lich
 97891 | Coc:6    | Killed an ancient lich
 98416 | Coc:7    | Entered Level 7 of Cocytus
 98416 | Coc:7    | Noticed an ancient lich
 98421 | Coc:7    | Killed an ancient lich
 98529 | Coc:7    | Noticed the Serpent of Hell
 99039 | Coc:7    | Paralysed by a wendigo for 1 turns
 99295 | Coc:7    | Killed the Serpent of Hell
 99835 | Coc:7    | Learned a level 1 spell: Apportation
100073 | Coc:7    | Identified the +10 long sword of Gluttony {heavy, Int+4}
100073 | Coc:7    | Identified the ring of Loileix {Fly Int+3 Slay+4}
100073 | Coc:7    | Noticed Antaeus
100094 | Coc:7    | Killed Antaeus
100110 | Coc:7    | Got an icy rune of Zot
100114 | Coc:7    | Identified the +6 morningstar "Loqof" {vamp, rN+ Will+
                  | rCorr Int-3}
101284 | Coc:7    | Identified the +1 broad axe of Wealth {protect, *Noise
                  | Str+6}
101289 | Coc:7    | Identified the ring of Sin {rElec rF+ Stlth+}
101293 | Coc:7    | Identified the staff "Jiull" {rF- rC+ Str+7 Hexes Necro
                  | Ice}
101770 | Pan      | Entered the realm of Cerebov.
101770 | Pan      | Entered Pandemonium
101771 | Pan      | Found the +6 sword of Cerebov {flame}
101771 | Pan      | Noticed Cerebov
101774 | Pan      | Got a fiery rune of Zot
101835 | Pan      | Found an exit through the horrors of the Abyss.
102388 | Pan      | Identified the ring of Weuda Lofa {rPois rF+ rCorr Str+3
                  | SInv}
102400 | Pan      | Identified the +1 great sword "Inuylair" {protect, rElec
                  | rPois Will+}
102400 | Pan      | Identified the amulet "Cueres" {Reflect -Tele rC++ Will+
                  | Str+2 SH+5}
102476 | Pan      | Got the Writings on Modification and the Xenolith
102514 | Pan      | Identified the +1 quarterstaff "Doaxyam" {flame, *Rage
                  | rElec Will+++ Dex-3}
102722 | Pan      | Killed Cerebov
102780 | Pan      | Identified the +6 flail "Fiomnitz" {holy, Str+4}
103770 | Pan      | Found a runed translucent door.
103802 | Pan      | Noticed Ottuison the pandemonium lord
103810 | Pan      | Killed Ottuison the pandemonium lord
104748 | Pan      | Noticed Ignacio
104758 | Pan      | Killed Ignacio
105141 | Pan      | Noticed Hudirr the pandemonium lord
105305 | Pan      | Reached skill level 15 in Shields
105436 | Pan      | Noticed Rokheady the pandemonium lord
105444 | Pan      | Killed Rokheady the pandemonium lord
105523 | Pan      | Found an exit through the horrors of the Abyss.
105628 | Pan      | Noticed Ynyimo the pandemonium lord
106413 | Pan      | Noticed Diotoim the pandemonium lord
106420 | Pan      | Killed Diotoim the pandemonium lord
108013 | Pan      | Noticed Kuafraga the pandemonium lord
108022 | Pan      | Killed Kuafraga the pandemonium lord
109331 | Pan      | Noticed Ociutzy the pandemonium lord
109342 | Pan      | Killed Ociutzy the pandemonium lord
109514 | Depths:2 | Escaped Pandemonium
110060 | Tar:4    | You are sucked into a shaft and drop 1 floor!
110276 | Tar:7    | Entered Level 7 of Tartarus
110467 | Tar:7    | Found the +8 Wrath of Trog {antimagic, *Rage Rampage}
110467 | Tar:7    | Found the dreamshard necklace {Acrobat *Dream}
110491 | Tar:7    | Got the Spellbook of the Spellbinding Mob
110495 | Tar:7    | Identified the +2 leather armour of the Land of Plenty
                  | {rPois rN+ rCorr Str-3}
110506 | Tar:7    | Found the +4 Cigotuvi's embrace {Corpsefed rMiasma Drain
                  | rN+}
110824 | Tar:7    | Noticed a dread lich
110828 | Tar:7    | Killed a dread lich
110933 | Tar:7    | Noticed an ancient lich
110942 | Tar:7    | Killed an ancient lich
111199 | Tar:7    | Noticed Ereshkigal
111240 | Tar:7    | Killed Ereshkigal
111487 | Tar:7    | Got a bone rune of Zot
111519 | Tar:7    | Noticed an ancient lich
111526 | Tar:7    | Killed an ancient lich
111844 | Pan      | Entered the realm of Gloorx Vloq.
111844 | Pan      | Entered Pandemonium
112209 | Pan      | Noticed Gloorx Vloq
112418 | Pan      | Killed Gloorx Vloq
112802 | Pan      | Got a dark rune of Zot
112988 | Pan      | Entered the realm of Lom Lobon.
113908 | Pan      | Noticed Lom Lobon
113937 | Pan      | Killed Lom Lobon
114402 | Pan      | Got a magical rune of Zot
115040 | Pan      | Found an exit through the horrors of the Abyss.
115824 | Pan      | Found an exit through the horrors of the Abyss.
115858 | Pan      | Found a runed translucent door.
116060 | Pan      | Noticed Urhid the pandemonium lord
116072 | Pan      | Killed Urhid the pandemonium lord
117218 | Pan      | Found an exit through the horrors of the Abyss.
117445 | Pan      | Reached skill level 15 in Armour
117716 | Pan      | Noticed Giucide the pandemonium lord
117739 | Pan      | Killed Giucide the pandemonium lord
118331 | Pan      | Got a demonic rune of Zot
118474 | Pan      | Identified the +0 scale mail "Egaxev" {rElec}
118989 | Pan      | Entered the realm of Mnoleg.
119088 | Pan      | Noticed Mnoleg
119112 | Pan      | Killed Mnoleg
119753 | Pan      | Got a glowing rune of Zot
120118 | Pan      | Identified the +1 robe of Sloth {Fly Regen+ Int+2 Stlth-}
120342 | Pan      | Found a glowing silver altar of Zin.
120603 | Pan      | Found a glowing golden altar of the Shining One.
120603 | Pan      | Noticed a seraph
120641 | Pan      | Identified the +5 halberd "Earthworm" {freeze, *Corrode
                  | Will++ SInv}
120642 | Pan      | Identified the +1 spear of Certain Death {pain, rPois Will+
                  | rCorr}
120847 | Pan      | Identified the -2 cloak of Ru's Indignation {rF+ Dex+6
                  | Stlth+}
121283 | Pan      | Found a white marble altar of Elyvilon.
122218 | Pan      | Found a glowing golden altar of the Shining One.
122224 | Pan      | Killed a seraph
122243 | Depths:3 | Escaped Pandemonium
122481 | Depths:3 | Voluntarily entered the Abyss.
122503 | Abyss:1  | Found a corrupted altar of Lugonu.
122515 | Abyss:1  | Found a corrupted altar of Lugonu.
122532 | Abyss:1  | Found a corrupted altar of Lugonu.
122532 | Abyss:1  | Found a corrupted altar of Lugonu.
122534 | Abyss:1  | Found a corrupted altar of Lugonu.
122628 | Abyss:1  | Noticed a dread lich
122634 | Abyss:1  | Killed a dread lich
122781 | Abyss:1  | Noticed an ancient lich
122787 | Abyss:1  | Killed an ancient lich
122969 | Abyss:1  | Found a corrupted altar of Lugonu.
123648 | Abyss:3  | Found a corrupted altar of Lugonu.
123907 | Abyss:3  | Paralysed by accursed screaming for 1 turns
124170 | Abyss:4  | Found a corrupted altar of Lugonu.
124428 | Abyss:4  | Found a corrupted altar of Lugonu.
124494 | Abyss:4  | Paralysed by accursed screaming for 1 turns
124502 | Abyss:4  | Noticed a dread lich
124521 | Abyss:4  | Killed a dread lich
124560 | Abyss:4  | Got an abyssal rune of Zot
124587 | Depths:3 | Escaped the Abyss
124943 | Crypt:3  | Found a staircase to the Tomb.
124995 | Tomb:1   | Entered Level 1 of the Tomb of the Ancients
125467 | Tomb:1   | Noticed a royal mummy
125478 | Tomb:1   | Killed a royal mummy
125526 | Tomb:1   | Identified the ring "Imoimm" {Will+ Int+6}
125566 | Tomb:2   | Noticed a royal mummy
125569 | Tomb:2   | Noticed a royal mummy
125579 | Tomb:2   | Noticed a royal mummy
125600 | Tomb:2   | Noticed a royal mummy
125859 | Tomb:1   | Noticed a royal mummy
125883 | Tomb:1   | Noticed a royal mummy
125890 | Tomb:1   | Noticed a royal mummy
125904 | Tomb:1   | Noticed a royal mummy
125910 | Tomb:1   | Noticed a royal mummy
125928 | Tomb:1   | Noticed a royal mummy
125935 | Tomb:1   | Noticed a royal mummy
125960 | Tomb:1   | Noticed a royal mummy
125961 | Tomb:1   | Noticed a royal mummy
125968 | Tomb:1   | Noticed a royal mummy
125972 | Tomb:1   | Noticed a royal mummy
125980 | Tomb:1   | Noticed a royal mummy
125981 | Tomb:1   | Noticed a royal mummy
125989 | Tomb:1   | Killed a royal mummy
126003 | Tomb:1   | Noticed a royal mummy
126005 | Tomb:1   | Noticed a royal mummy
126006 | Tomb:1   | Noticed a royal mummy
126008 | Tomb:1   | Noticed a royal mummy
126015 | Tomb:1   | Noticed a royal mummy
126019 | Tomb:1   | Noticed a royal mummy
126026 | Tomb:1   | Noticed a royal mummy
126033 | Tomb:1   | Killed a royal mummy
126034 | Tomb:1   | Killed a royal mummy
126044 | Tomb:1   | Killed a royal mummy
126044 | Tomb:1   | Killed a royal mummy
126045 | Tomb:1   | Killed a royal mummy
126066 | Tomb:1   | Killed a royal mummy
126066 | Tomb:1   | Lost intelligence.
126397 | Tomb:3   | Entered Level 3 of the Tomb of the Ancients
126417 | Tomb:3   | Noticed a royal mummy
126418 | Tomb:3   | Noticed a royal mummy
126418 | Tomb:3   | Noticed a royal mummy
126423 | Tomb:3   | Noticed a royal mummy
126425 | Tomb:3   | Noticed a royal mummy
126425 | Tomb:3   | Noticed a royal mummy
126425 | Tomb:3   | Noticed a royal mummy
126427 | Tomb:3   | Killed a royal mummy
126430 | Tomb:3   | Killed a royal mummy
126432 | Tomb:3   | Noticed a royal mummy
126433 | Tomb:3   | Noticed a royal mummy
126434 | Tomb:3   | Killed a royal mummy
126434 | Tomb:3   | Killed a royal mummy
126436 | Tomb:3   | Killed a royal mummy
126439 | Tomb:3   | Killed a royal mummy
126440 | Tomb:3   | Killed a royal mummy
126456 | Tomb:3   | Got a golden rune of Zot
126772 | Tomb:3   | Found the +7 captain's cutlass {speed, disarm}
126812 | Tomb:3   | Identified the +2 dagger "Laj Rin" {venom, +Blink Dex+2}
126817 | Tomb:3   | Identified the +3 arbalest of Gluttony {speed, rC- rCorr
                  | Int+3 Stlth+}
126827 | Tomb:3   | Identified the staff "Tiupsa" {rC+++ rN+ Int+5 Stlth-
                  | Necro}
126833 | Tomb:3   | Got the Handbook of Unholy Liturgies and the Fifth Circle
126846 | Tomb:3   | Identified the +7 dire flail "Utraabb" {heavy, rC+ Str+4}
126857 | Tomb:3   | Identified the +4 great sword of Yredelemnul's Regard
                  | {protect, *Slow rElec Int+5 Dex+3}
127853 | Zot:5    | Noticed an orb of fire
127866 | Zot:5    | Killed an orb of fire
127958 | Zot:5    | Noticed an orb of fire
127972 | Zot:5    | Killed an orb of fire
127977 | Zot:5    | Killed an orb of fire
128084 | Zot:5    | Identified the +7 quarterstaff "Picitt" {pain, Int+3}
128820 | Zig:1    | Entered Level 1 of a ziggurat
128846 | Zig:2    | Entered Level 2 of a ziggurat
128879 | Zig:3    | Entered Level 3 of a ziggurat
128911 | Zig:4    | Entered Level 4 of a ziggurat
129061 | Zig:5    | Entered Level 5 of a ziggurat
129061 | Zig:5    | Found the +5 moon troll leather armour {Spirit, Regen++
                  | MP+5}
129221 | Zig:6    | Entered Level 6 of a ziggurat
129238 | Zig:6    | Reached skill level 27 in Shields
129238 | Zig:6    | Reached skill level 1 in Throwing
129291 | Zig:7    | Entered Level 7 of a ziggurat
129309 | Zig:7    | Reached skill level 5 in Throwing
129388 | Zig:8    | Entered Level 8 of a ziggurat
129439 | Zig:8    | Identified the ring of Atuluv {*Slow Fly rElec Int+2}
129446 | Zig:9    | Entered Level 9 of a ziggurat
129448 | Zig:9    | Noticed a dread lich
129486 | Zig:9    | Killed a dread lich
129489 | Zig:9    | Reached skill level 10 in Throwing
129527 | Zig:9    | Identified the staff "Konata" {rF+ rN+ rCorr Int-3 Dex+4
                  | Necro}
129550 | Zig:10   | Entered Level 10 of a ziggurat
129693 | Zig:10   | Reached skill level 15 in Throwing
129694 | Zig:10   | Lost mutation: Your spells are a little easier to cast, but
                  | a little less powerful. [potion of mutation]
129694 | Zig:10   | Lost mutation: You have a pair of small horns on your head.
                  | [potion of mutation]
129694 | Zig:10   | Lost mutation: You are dopey. (Int -2) [potion of mutation]
129694 | Zig:10   | Gained mutation: Your mind is acute. (Int +4, Str/Dex -1)
                  | [potion of mutation]
129694 | Zig:10   | Gained mutation: Your body sometimes deteriorates upon
                  | taking damage. [potion of mutation]
129694 | Zig:10   | Gained mutation: You are robust. (+10% HP) [potion of
                  | mutation]
129694 | Zig:10   | Gained mutation: Your natural rate of healing is unusually
                  | fast. [potion of mutation]
129715 | Zig:11   | Entered Level 11 of a ziggurat
129834 | Zig:12   | Entered Level 12 of a ziggurat
130027 | Zig:13   | Entered Level 13 of a ziggurat
130155 | Zig:13   | Identified the ring "Nypp" {Will- MP+9 Str+6}
130193 | Zig:14   | Entered Level 14 of a ziggurat
130406 | Zig:14   | Identified the +4 ring mail of Vehumet's Grace {+Inv rPois
                  | Will- Str+3}
130408 | Zig:14   | Identified the +6 plate armour of Blue the Leaf {rElec MP+9
                  | Int+6}
130463 | Zig:15   | Entered Level 15 of a ziggurat
130705 | Zig:16   | Entered Level 16 of a ziggurat
130916 | Zig:17   | Entered Level 17 of a ziggurat
131106 | Zig:17   | Found the +4 consecrated labrys {holy, Valiant Fragile Fly
                  | SInv}
131115 | Zig:17   | Identified the +10 sling of Trial by Ordeal {flame, Str+3}
131118 | Zig:17   | Identified the +8 dagger of Modesty {heavy, Str+4}
131123 | Zig:17   | Identified the staff "Ywotepa" {+Blink rPois Will+ Poison}
131130 | Zig:17   | Identified the +4 hand axe of the Spider Nest {freeze, Fly
                  | Str+2}
131133 | Zig:17   | Identified the +10 pearl dragon scales of the Ears {rC+
                  | rN+}
131156 | Zig:17   | Identified the +0 robe "Qaekkeb" {rN+ Will+ Str-5 Int+3}
131157 | Zig:17   | Identified the +4 shortbow of Omiewytu {drain, Will- Dex+6}
131162 | Zig:17   | Identified the ring "Tegar" {rElec rC+ Int+2 Slay+2}
131205 | Zig:18   | Entered Level 18 of a ziggurat
131263 | Zig:18   | Paralysed by a wendigo for 1 turns
131465 | Zig:18   | Identified the +5 morningstar "Seitzusy" {pain, +Blink
                  | Will- Stlth+}
131466 | Zig:18   | Identified the ring "Voanteo" {Fly Int+5}
131490 | Zig:19   | Entered Level 19 of a ziggurat
131580 | Zig:19   | Noticed Gyffaes the pandemonium lord
131640 | Zig:19   | Killed Gyffaes the pandemonium lord
131807 | Zig:20   | Entered Level 20 of a ziggurat
131824 | Zig:20   | Paralysed by an air elemental for 1 turns
131845 | Zig:20   | Paralysed by an air elemental for 1 turns
131856 | Zig:20   | Paralysed by an air elemental for 1 turns
132243 | Zig:20   | Found the +7 great mace "Firestarter" {flame, immolate,
                  | rFlCloud rF++}
132244 | Zig:20   | Found the +12 glaive of Prune {freeze, Prune}
132253 | Zig:20   | Identified the +6 scimitar of the Ghostly God {antimagic,
                  | Drain rC- rN+ Str+5}
132270 | Zig:20   | Identified the ring of Jabrituj {Ice Stlth+}
132333 | Zig:21   | Entered Level 21 of a ziggurat
132458 | Zig:21   | Reached skill level 27 in Throwing
132557 | Zig:21   | Found the +8 orange crystal plate armour {Archmagi, Int+3
                  | Clar}
132584 | Zig:21   | Identified the +6 war axe "Igumaed" {heavy, *Corrode rPois
                  | rC- Dex+9}
132619 | Zig:22   | Entered Level 22 of a ziggurat
132983 | Zig:23   | Entered Level 23 of a ziggurat
133338 | Zig:23   | Found the +16 obsidian axe {drain, demonic, Mesm Drain Fly
                  | SInv}
133349 | Zig:23   | Identified the +1 cloak "Ruehuy" {rElec rN+}
133372 | Zig:23   | Acquired 1124 gold pieces
133395 | Zig:23   | Identified the ring of Gaecwuan {Drain rN++ Will+ MP+9
                  | Str+6}
133475 | Zig:24   | Entered Level 24 of a ziggurat
133519 | Zig:24   | Noticed Sopp the pandemonium lord
133522 | Zig:24   | Noticed Kiud the pandemonium lord
133532 | Zig:24   | Killed Sopp the pandemonium lord
133536 | Zig:24   | Killed Kiud the pandemonium lord
133545 | Zig:24   | Noticed Uthuuvix the pandemonium lord
133556 | Zig:24   | Noticed Tagunwea the pandemonium lord
133573 | Zig:24   | Noticed Manis the pandemonium lord
133578 | Zig:24   | Killed Uthuuvix the pandemonium lord
133582 | Zig:24   | Killed Tagunwea the pandemonium lord
133596 | Zig:24   | Noticed Empaf the pandemonium lord
133607 | Zig:24   | Killed Empaf the pandemonium lord
133610 | Zig:24   | Noticed Ibosamed the pandemonium lord
133611 | Zig:24   | Killed Manis the pandemonium lord
133616 | Zig:24   | Noticed Cezek the pandemonium lord
133624 | Zig:24   | Killed Ibosamed the pandemonium lord
133627 | Zig:24   | Noticed Icamuint the pandemonium lord
133630 | Zig:24   | Killed Cezek the pandemonium lord
133632 | Zig:24   | Noticed Keip the pandemonium lord
133633 | Zig:24   | Noticed Apnaamuarra the pandemonium lord
133635 | Zig:24   | Noticed Gaffeymy the pandemonium lord
133646 | Zig:24   | Killed Icamuint the pandemonium lord
133653 | Zig:24   | Killed Gaffeymy the pandemonium lord
133655 | Zig:24   | Killed Apnaamuarra the pandemonium lord
133662 | Zig:24   | Killed Keip the pandemonium lord
133804 | Zig:24   | Noticed Dudelul the pandemonium lord
133822 | Zig:24   | Killed Dudelul the pandemonium lord
133853 | Zig:24   | Noticed Sulank the pandemonium lord
133863 | Zig:24   | Killed Sulank the pandemonium lord
133874 | Zig:24   | a titan changed into a juggernaut
133874 | Zig:24   | Noticed a juggernaut (glowing shapeshifter)
133880 | Zig:24   | a juggernaut changed into a frost giant
134057 | Zig:24   | Identified the +8 short sword of Wyrd {spect, Fly rF+
                  | Stlth+}
134160 | Zig:25   | Entered Level 25 of a ziggurat
134500 | Zig:25   | Found the +5 scythe "Finisher" {speed, execute}
134546 | Zig:25   | Identified the +7 battleaxe of Bloody Death {flame, rPois
                  | rN+++ Int-2 Dex+3}
134634 | Zig:26   | Entered Level 26 of a ziggurat
134738 | Zig:26   | Paralysed by accursed screaming for 2 turns
134743 | Zig:26   | Paralysed by accursed screaming for 2 turns
134814 | Zig:26   | Paralysed by accursed screaming for 2 turns
134910 | Zig:26   | Paralysed by accursed screaming for 1 turns
135315 | Zig:26   | Found the +2 hat of the Bear Spirit {Spirit, Bear, *Rage
                  | Will++}
135331 | Zig:26   | Identified the staff of Defence {rC+ Will+ Ice}
135333 | Zig:26   | Identified the ring of the Okapi {rC+ Str+2 Int+2}
135335 | Zig:26   | Identified the staff "Giorhap" {rF- Str-3 Int+2 Dex+8 Conj}
135348 | Zig:26   | Identified the staff of the Imperium {rPois rC+ Will- Int+2
                  | Ice}
135441 | Zig:27   | Entered Level 27 of a ziggurat
135926 | Zig:27   | Found the +8 autumn katana {manifold assault}
135934 | Zig:27   | Identified the +5 quarterstaff "Murmur" {pain, Int+3}
135948 | Zig:27   | Identified the +9 great mace of Destruction {flame, rC+
                  | Will+ Str+4 Dex-2}
136349 | Zot:5    | Got the Orb of Zot
136922 | D:7      | Noticed Ebugygac the pandemonium lord
136951 | D:7      | Killed Ebugygac the pandemonium lord
137085 | D:$      | Escaped with the Orb!

Illustrated notes

Levels and vault maps discovered:
D:1:      lightli_arrival_statue_moat, layout_loops_ring,
          hangedman_abyss_or_decor_stabs
D:2:      layout_loops_corners, basic_altar, hellmonk_ecumenical_altar_blasted,
          uniq_terence
D:3:      layout_basic
D:4:      lemuel_castle_with_subvaults [lemuel_castle_interior_original],
          layout_cave_pools, trog_hazing_becter, minmay_liquid_box,
          minmay_mini_ossuary, uniq_ijyb, uniq_blork_the_orc, uniq_natasha
D:5:      layout_basic, gammafunk_ghost_abyssal_escape, gup_sewer_entry_bowl,
          uniq_grinder, uniq_duvessa
D:6:      nicolae_cairo_tiling, layout_cave_pods, kb_lookout_dungeons_type,
          uniq_sigmund
D:7:      layout_layer_cave, mainiacjoe_overflow_tiny_flanked,
          minmay_temple_entry_sparse_star, enter_bailey_5, uniq_maggie,
          uniq_crazy_yiuf_cottage
D:8:      layout_basic, lemuel_zombie_altar_yredelemnul, serial_shops,
          nicolae_shop_behind_doors
D:9:      layout_loops_ring, grunt_lair_entry_orc_guard_hut,
          grunt_decor_mini_mirrors, dk_vineyard_2
D:10:     layout_basic, minmay_misc_feat_room, nicolae_two_hexagons,
          nicolae_fort_ynox
D:11:     layout_irregular_city, serial_shops, nicolae_shop_tiny_waterfront
D:12:     layout_rooms, orc_0_dummy, hellmonk_ghost_happy_afterlife,
          chequers_jeans, uniq_josephine, uniq_jorgrun
D:13:     layout_basic, david_vaults_4, serial_corexii_hall,
          corexii_hall_statues_l, corexii_hall_statues_t,
          nicolae_shop_sticking_my_neck_out, uniq_sonja
D:14:     minmay_the_grid_octo_tiled_squarecenter [minmay_the_grid_octo_shrine,
          minmay_the_grid_octo_clover, minmay_the_grid_octo_checkered,
          minmay_the_grid_octo_odd_swirl,
          minmay_the_grid_square_5x5_megaprize_crossed,
          minmay_the_grid_square_5x5_checkered_statues,
          minmay_the_grid_square_5x5_three_small,
          minmay_the_grid_square_5x5_spiral, minmay_the_grid_square_5x5_six],
          layout_loops_ring, nicolae_uskayaw_en_pointe, nrook_mini_vaults,
          uniq_rupert
D:15:     grunt_enter_depths_magical_seal, layout_rooms,
          minmay_stone_trees_small, serial_co_window_serial, co_window_corner_a,
          co_window_corner_a, co_window_paths_a, co_window_paths_a,
          co_window_paths_a, co_window_corner_ca, co_window_2corner,
          co_window_corner_b, co_window_of_opportunity_c, co_window_broadway_a,
          co_window_paths_e, co_window_4corner_a, glass_columns_c,
          minmay_gold_behind_fungi
Lair:1:   layout_layer_cave, basic_altar
Lair:2:   layout_regular_city, minmay_shoals_entry_hut,
          nicolae_spider_entry_orb_guardian
Lair:3:   mu_elephants_graveyard, layout_loops_ring
Lair:4:   layout_cave_pods, gauntlet_entry_generic, grunt_megastairs_5
Lair:5:   guppyfry_lair_end_dragon, layout_long_grid,
          nicolae_slime_entry_field_trip, portal_ice_cave_demonic_guard,
          dreamdust_wasp_nest, uniq_snorg
Shoals:1: layout_shoals, gammafunk_ghost_necromancy, serial_shops,
          nicolae_shop_competitors_out_of_business,
          nicolae_shoals_this_corrosion
Shoals:2: argonaut_golden_fleece, layout_shoals, serial_shops,
          nicolae_shop_window_shopping, gammafunk_ghost_wrathful_warriors,
          nicolae_shop_gadgets
Shoals:3: cheibrodos_shoals_three_sisters, layout_shoals, serial_nicolae_subway,
          nicolae_sub_station_crystal, nicolae_sub_station_metal,
          nicolae_sub_station_stone
Shoals:4: shoals_end_grunt_garden, layout_shoals, shoals_ilsuiw_ice
Spider:1: nicolae_spider_hall_of_the_moth_king, drop_trap
Spider:2: layout_spider_delve, drop_trap, hangedman_spider_tarantella_strand,
          uniq_louise, uniq_nikola, uniq_asterion, uniq_arachne
Spider:3: layout_chambers
Spider:4: hellmonk_spider_rune_bug_friends
Slime:1:  layout_caves
Slime:2:  layout_caves, special_room [special_room_jelly]
Slime:3:  layout_caves, nicolae_slime_welcoming_committee
Slime:4:  layout_caves, uniq_dissolution
Slime:5:  slime_pit_nicolae_amoeboid
Orc:1:    layout_caves, nicolae_orc_rockfall, okawaru_metal_pillars_1_2,
          uniq_nergalle, uniq_urug, uniq_maurice
Orc:2:    st_orc_open, layout_caves, basic_altar, nicolae_shop_overcharged_wands
Elf:1:    eino_elf_arrival_the_gate, layout_gridlike, minivault_28, st_stairs_6,
          hangedman_elf_represent, roderic_lattice_octagonal_star, uniq_frances,
          uniq_kirke, uniq_agnes
Elf:2:    elven_hall_of_blades_hangedman_original [nicolae_blade_bullseye],
          layout_geoelf_grid, special_room [special_room_orc], serial_shops,
          nicolae_shop_tiny_glass, uniq_azrael
Elf:3:    elf_hall, layout_gridlike, serial_shops, shop,
          nicolae_wooded_promenade, kb_rosetta
Vaults:1: v_pattern_3, v_misc_11, hangedman_vaults_snaps, vaults_dpeg_hooks,
          vaults_mumra_chevron, hangedman_vaults_stagger, grunt_vaults_swirl,
          nicolae_vaults_trapezoid_lopsided_1, v_alt_pattern_5,
          nicolae_vaults_tetromino_L_1, layout_vaults_omnigrid
Vaults:2: nicolae_vaults_trapezoid_4, nicolae_vaults_twisting_passages,
          grunt_vaults_focal, st_squares, nicolae_vaults_house_1,
          nicolae_vaults_triangles, minmay_crypt_entry_simple_corners,
          v_rooms_1, vaults_standard_mumra_enter_the_diamond,
          nicolae_vaults_yaktaur_gun_rack, nicolae_vaults_double_plus_1,
          layout_vaults_big_room, serial_shops,
          nicolae_shop_pleasant_corner_grove
Vaults:3: nicolae_vaults_offset_grid_hallway_4, nicolae_vaults_apartment_2,
          ontoclasm_vaults_ring_square, v_alt_pattern_4, vaults_mumra_hexcomb,
          hangedman_vaults_maws, vaults_room_door_hall,
          hangedman_vaults_restitches, v_misc_15, nicolae_vaults_wrenched,
          v_pattern_5, dpeg_vaults_waves, hangedman_vaults_impose,
          ontoclasm_vaults_fault, layout_vaults_maze_bifur, serial_shops,
          nicolae_shop_tiny_real_fake_doors, uniq_norris
Vaults:4: hangedman_vaults_slither, nicolae_vaults_six-pack,
          hangedman_vaults_river_flow, v_rooms_2,
          nicolae_vaults_trapezoid_lopsided_1,
          nicolae_vaults_thirteen_compartments, nicolae_vaults_frosty_reception,
          v_misc_32, ontoclasm_vaults_twist, nicolae_vaults_little_squares_6,
          ontoclasm_vaults_gateway, nicolae_vaults_tetromino_L_1,
          nicolae_vaults_trapezoid_lopsided_3, layout_vaults_omnicross,
          serial_shops, shop_statue
Vaults:5
Crypt:1:  layout_catacombs
Crypt:2:  layout_chaotic_city
Crypt:3:  evilmike_haunted_forest, uniq_vv, uniq_zenata
Tomb:1
Tomb:2
Tomb:3
Depths:1: layout_gridlike, serial_bayou_pond_c, hell_entry,
          ebering_ghost_disaster_area, kennysheep_cross_bottleneck,
          nicolae_figureground_pulse
Depths:2: grunt_profane_halls [grunt_profane_temple_tar,
          grunt_profane_temple_geh, grunt_profane_temple_dis,
          grunt_profane_temple_coc, grunt_profane_loot], pan_entry, hell_entry
Depths:3: kennysheep_large_vault, layout_basic, enter_ziggurat_d,
          rand_demon_pan_entry_9, nicolae_concentric_dashed_squares_wild,
          grunt_hell_entry_dis_old, special_room [special_room_jelly],
          abyss_entry_crystal, nemelex_lonely_heart_becter,
          minmay_staircase_statues, serial_bayou_shore_b
Depths:4: evilmike_zot_entry_gauntlet, layout_gridlike, hell_entry, special_room
          [special_room_jelly], hellmonk_scarab_ruin, minmay_shoptagon
Hell
Dis:1:    layout_gridville
Dis:2:    layout_jigsaw
Dis:3:    layout_jigsaw, nicolae_dis_liches_on_tour
Dis:4:    layout_subdivisions
Dis:5:    layout_regular_city, nicolae_hells_fiendish_ambush
Dis:6:    layout_jigsaw
Dis:7:    dis_hangedman
Geh:1:    layout_gehenna_pools_basic
Geh:2:    layout_gehenna_lava_caves
Geh:3:    layout_gehenna_pools_triple
Geh:4:    layout_gehenna_lava_caves
Geh:5:    layout_gehenna_pools_triple
Geh:6:    layout_gehenna_pools_triple
Geh:7:    evilmike_geh
Coc:1:    layout_cocytus_water_paths
Coc:2:    layout_cocytus_water_paths
Coc:3:    layout_cocytus_water_paths, serial_ice
Coc:4:    layout_cocytus_delve
Coc:5:    nicolae_coc_naught_crossing, layout_cocytus_delve,
          nicolae_coc_wendigon
Coc:6:    layout_cocytus_delve
Coc:7:    coc_grunt
Tar:1:    layout_cathedral_of_symmetry
Tar:2:    layout_cathedral_of_symmetry
Tar:3:    layout_grid_maze, nicolae_tar_cuneiform_two
Tar:4:    layout_honeycomb, nicolae_tar_cuneiform_city
Tar:5:    layout_grid_maze
Tar:6:    layout_grid_maze
Tar:7:    tar_old
Zot:1:    layout_twisted_circle
Zot:2:    ebering_klown_carousel, layout_gridlike, uniq_tiamat
Zot:3:    layout_gridlike, st_large_dragon_hoard_2, uniq_parghit
Zot:4:    regret_index_qazlal_generations, layout_twisted_circle,
          nicolae_shop_clearance, lemuel_elevator
Zot:5:    layout_cathedral_of_symmetry

Skill      XL: |  1  2  3  4  5  6  7  8  9 10 11 12 13 14 15 16 17 18 19 20 21 22 23 24 25 26 27 |
---------------+----------------------------------------------------------------------------------+-----
Shapeshifting  | 4 5 6 10 11 14 15 16 17 18 20 23 27 | 27.0
Fighting       | 4 6 9 12 13 16 18 20 22 23 26 27 | 27.0
Unarmed Combat | 4 5 7 9 10 13 15 16 17 19 21 22 23 27 | 27.0
Dodging        | 4 5 7 9 11 15 26 | 26.5
Ice Magic      | 2 |  2.0
Spellcasting   | 1 3 14 | 14.0
Translocations | 6 14 | 14.0
Evocations     | 6 12 14 25 | 25.1
Armour         | 20 | 20.0
Shields        | 27 | 27.0
Air Magic      | 6 |  6.0
Throwing       | 27 | 27.0

Action                     |  1- 3 |  4- 6 |  7- 9 | 10-12 | 13-15 | 16-18 | 19-21 | 22-24 | 25-27 || total
---------------------------+-------+-------+-------+-------+-------+-------+-------+-------+-------++-------
  Melee: Unarmed           |    83 |   193 |   574 |   470 |   927 |   672 |   731 |  1013 |  7764 || 12427
         Punch             |     1 |       |       |     2 |       |    53 |    85 |   162 |   668 ||   971
         Constrict         |       |       |       |    83 |   163 |    27 |       |       |       ||   273
         Tailslap          |       |       |       |       |       |    86 |    97 |   192 |       ||   375
         Bite              |       |       |       |       |       |    64 |    74 |   129 |       ||   267
         Headbutt          |       |       |       |       |       |       |       |       |   744 ||   744
  Throw: Dart              |       |       |       |       |     8 |       |       |       |       ||     8
         Large rock        |       |       |       |       |       |       |       |       |   316 ||   316
         Javelin           |       |       |       |       |       |       |       |       |    13 ||    13
   Cast: Blink             |       |       |       |       |       |     1 |       |       |     2 ||     3
         Manifold Assault  |       |       |       |       |       |       |       |       |   386 ||   386
         Vhi's Electric Ch |       |       |       |       |       |       |       |       |   176 ||   176
         Apportation       |       |       |       |       |       |       |       |       |     2 ||     2
 Invoke: Potion Petition   |       |       |     1 |       |     3 |     1 |     1 |     1 |    24 ||    31
         Call Merchant     |       |       |       |       |       |     1 |       |     2 |     6 ||     9
         Bribe Branch      |       |       |       |       |       |       |       |       |     8 ||     8
Ability: Begin Untransform |       |       |       |       |     1 |       |       |       |       ||     1
         Breathe Fire      |       |       |       |       |       |    37 |    31 |    15 |       ||    83
         Blinkbolt         |       |       |       |       |       |       |       |     1 |   132 ||   133
         Siphon Essence    |       |       |       |       |       |       |       |       |     2 ||     2
  Evoke: Wand              |       |       |       |     1 |       |     8 |       |       |    32 ||    41
         Condenser vane    |       |       |       |       |       |     1 |     1 |     1 |     8 ||    11
         Lightning rod     |       |       |       |       |       |       |     3 |     3 |    12 ||    18
         Horn of Geryon    |       |       |       |       |       |       |       |       |     3 ||     3
         Phantom mirror    |       |       |       |       |       |       |       |       |     2 ||     2
    Use: Potion            |       |     1 |     1 |     3 |     1 |     6 |       |       |    27 ||    39
         Scroll            |       |    10 |     1 |    15 |     4 |     8 |     3 |       |    45 ||    86
   Stab: Distracted        |       |       |     2 |     1 |     7 |     4 |     5 |    11 |   126 ||   156
         Sleeping          |       |       |       |     1 |     3 |     2 |       |     1 |     7 ||    14
         Invisible         |       |       |       |       |       |     1 |       |       |    38 ||    39
         Petrified         |       |       |       |       |       |       |       |       |     6 ||     6
         Held in net/web   |       |       |       |       |       |       |       |       |     4 ||     4
         Paralysed         |       |       |       |       |       |       |       |       |     1 ||     1
 Armour: Animal skin       |    15 |    44 |    52 |       |       |       |       |       |       ||   111
         Skin              |       |     4 |       |    65 |   206 |   216 |   157 |   189 |   209 ||  1046
         Robe              |       |       |    52 |    18 |       |       |       |       |       ||    70
         Swamp dragon scal |       |       |       |     7 |       |       |       |       |     1 ||     8
         Pearl dragon scal |       |       |       |       |       |       |       |       |   244 ||   244
         Gold dragon scale |       |       |       |       |       |       |       |       |   164 ||   164
  Dodge: Dodged            |    32 |    81 |   249 |   211 |   396 |   273 |   311 |   444 |  3734 ||  5731
  Block: Other             |       |       |       |       |       |   116 |   154 |   106 |   355 ||   731
         Reflection        |       |       |       |       |       |     2 |    47 |     8 |    99 ||   156
         Tower shield      |       |       |       |       |       |       |       |       |  3171 ||  3171
   Form: Flux              |       |     1 |       |     1 |       |       |       |       |       ||     2
         Anaconda          |       |       |       |     1 |     2 |       |       |       |       ||     3
         Blade             |       |       |       |     1 |     1 |       |       |       |       ||     2
         Dragon            |       |       |       |       |       |     1 |       |     1 |       ||     2
                           |       |       |       |       |       |       |       |     1 |     9 ||    10
         Storm             |       |       |       |       |       |       |       |     1 |     2 ||     3
         Death             |       |       |       |       |       |       |       |       |    10 ||    10

Table legend: (Time is in decaauts)
 A = Elapsed time spent in this place.
 B = Non-inter-level travel time spent in this place.
 C = Inter-level travel time spent in this place.
 D = Time resting spent in this place.
 E = Time spent auto-exploring this place.
 F = Levels seen in this place.
 G = Mean time per level.
                   A        B        C        D        E       F      G
               +--------+--------+--------+--------+--------+-----+--------+
         Total | 132311 | 123161 |   9150 |  40620 |  41971 | 137 |  965.8 |
       Dungeon |  22677 |  19869 |   2808 |   5722 |   8976 |  15 | 1511.8 |
          Lair |   8245 |   7496 |    749 |   2251 |   2973 |   5 | 1649.0 |
        Shoals |   8198 |   7987 |    211 |   4296 |   2166 |   4 | 2049.5 |
   Spider Nest |   7599 |   7431 |    168 |   3300 |   2411 |   4 | 1899.8 |
    Slime Pits |   1280 |   1200 |     80 |     13 |    446 |   5 |  256.0 |
  Orcish Mines |   1821 |   1608 |    213 |    326 |    619 |   2 |  910.5 |
   Elven Halls |   6870 |   6442 |    428 |   3333 |   1409 |   3 | 2290.0 |
        Vaults |   9091 |   8403 |    688 |   2168 |   3604 |   5 | 1818.2 |
         Crypt |   4289 |   3826 |    463 |    623 |   2435 |   3 | 1429.7 |
          Tomb |   2287 |   2207 |     80 |    415 |    641 |   3 |  762.3 |
        Depths |   7896 |   6427 |   1469 |   1803 |   2519 |   4 | 1974.0 |
          Hell |   1457 |   1323 |    134 |    605 |    370 |   1 | 1457.0 |
           Dis |   3612 |   3504 |    108 |   1376 |    411 |   7 |  516.0 |
       Gehenna |   4157 |   4079 |     78 |   1922 |    548 |   7 |  593.9 |
       Cocytus |   5718 |   5495 |    223 |   3326 |   1008 |   7 |  816.9 |
      Tartarus |   2052 |   1961 |     91 |    504 |    411 |   7 |  293.1 |
           Zot |   6796 |   5643 |   1153 |   1065 |   2423 |   5 | 1359.2 |
         Abyss |   1858 |   1858 |      0 |      2 |     65 |   4 |  464.5 |
   Pandemonium |  17302 |  17302 |      0 |   4945 |   6505 |  15 | 1153.5 |
      Ziggurat |   6184 |   6184 |      0 |   1283 |   1866 |  27 |  229.0 |
         Sewer |    515 |    515 |      0 |     55 |    120 |   1 |  515.0 |
        Bailey |    812 |    812 |      0 |    382 |      0 |   1 |  812.0 |
      Ice Cave |   1000 |   1000 |      0 |    640 |      0 |   1 | 1000.0 |
      Gauntlet |    583 |    583 |      0 |    253 |     45 |   1 |  583.0 |
               +--------+--------+--------+--------+--------+-----+--------+

Top non-repeatable levels by time:
Shoals:3: 3148 daAuts
   Coc:7: 3143 daAuts
Depths:2: 2612 daAuts
   Elf:1: 2583 daAuts
Spider:4: 2461 daAuts
     D:4: 2351 daAuts
 Crypt:3: 2297 daAuts
Vaults:1: 2274 daAuts
Depths:3: 2223 daAuts
     D:7: 2199 daAuts
   Elf:3: 2164 daAuts
  Lair:2: 2139 daAuts
Vaults:5: 2136 daAuts
   Elf:2: 2122 daAuts
    D:14: 2080 daAuts
